Workbook
Name _Toc181894164: '2. Líneas de servicios '!$C$8

Sheet Instructivo
B6: Condiciones a tener en cuenta en el diligenciamiento de la información
B8: Objeto: Contratar los servicios de mesa de servicios, administración, operación, soporte, mantenimiento y la gestión de los servicios tecnológicos de la Rama Judicial a nivel nacional, incluyendo la adquisición de ofertas de servicio por demanda.
B11: Plazo de ejecución : | D11: 8 MESES
B13: Instrucciones
B14: Formato de Presentación de Oferta Económica.
B15: Contenido de la oferta económica
B16: Este archivo de Oferta Económica está compuesto por Ocho (8) secciones, cada una en una hoja separada (pestaña) como sigue:
B17: Sección 1: Información del Oferente.
B18: Sección 2: Líneas de servicios.
B19: Sección 3: Servicios Talento Humano (TH) - Línea Base.
B20: Sección 4: Recursos por demanda.
B21: Sección 5: Otros servicios por demanda.
B22: Sección 6: Servicios Complementarios de Arrendamiento.
B23: Sección 7: Costos mensuales Línea Base (TH)
B24: Sección 8: Costos Consolidados Ofertados para Línea Base (TH)
... B30: Conectividad con la red WAN de LA RAMA JUDICIAL, incluyendo todos sus requisitos. 1) Con el fin de garantizar la adecuada integración de las múltiples plataformas de LA RAMA JUDICIAL objeto de monitoreo, administración y soporte, EL CONTRATISTA durante la ejecución del contrato y a su costo, instalará y mantendrá operativos enlaces de comunicaciones MPLS entre su o sus Centros de Operaciones y la red WAN de LA RAMA JUDICIAL, mediante la cual conectará con los elementos, recursos y servicios adicionales requeridos para ejecutar el contrato. De conformidad con lo establecido en la sección 2.3 Localizaciones geográficas nacionales para la prestación de los servicios, los posibles centros de operación de EL CONTRATISTA son máximo tres (3): a) El Centro de Operaciones para el personal asignado a la línea de servicio de Mesa de Servicios. b) El Centro de Operaciones de Red (NOC). c) El Centro de Operaciones para otros roles establecidos en la sección 4 Talento humano base requerido. 2) EL CONTRATISTA no debe suministrar enlaces WAN – MPLS entre sedes de LA RAMA JUDICIAL. Ver Anexo_1-AnexoTecnico. El cual establece otros elementos que no son facturables o no deben tener costos adicionales para LA ENTIDAD.

Sheet 1. Información del Oferente
B2: Objeto: Contratar los servicios de mesa de servicios, administración, operación, soporte, mantenimiento y la gestión de los servicios tecnológicos de la Rama Judicial a nivel nacional, incluyendo la adquisición de ofertas de servicio por demanda.
B4: Nombre del oferente: | C4: ETB SA ESP
B5: NIT del oferente: | C5: 899999115-8

Sheet 2. Líneas de servicios 
A2: Objeto: Contratar los servicios de mesa de servicios, administración, operación, soporte, mantenimiento y la gestión de los servicios tecnológicos de la Rama Judicial a nivel nacional, incluyendo la adquisición de ofertas de servicio por demanda.
A4: Nota: En esta sección se encuentran los componentes de cada línea de servicio objeto del proceso de estudio de mercado, es importante tener en cuenta las especificaciones técnicas mínimas requeridas que aseguren la implementación de los servicios a contratar por la Rama Judicial (en todos sus niveles) garantizando la calidad, efectividad y oportunidad del servicio.
A6: Línea de Servicios | B6: Breve descripción | C6: Componentes
A7: 3.1. Mesa de servicio | B7: Es el punto de entrada y el único punto de contacto para todos los usuarios de los servicios tecnológicos de LA RAMA JUDICIAL en un esquema de Mesa de Servicios Virtual. Los agentes o analistas deben ser provistos de herramientas y contar con las competencias necesarias para registrar y tratar de dar resolución en el primer contacto, dentro de los acuerdos de niveles servicio aplicables para todos los servicios tecnológicos de la Rama Judicial. | C7: 3.1.1. Organización de la Mesa de servicios.
C8: 3.1.2. Soporte y atención al ciudadano.
C9: 3.1.3. Soporte a aplicaciones misionales y de apoyo.
C10: 3.1.4. Soporte a Microsoft Office 365 y aplicaciones complementarias.
C11: 3.1.5. Soporte para la conectividad de red.
C12: 3.1.6. Soporte a otros servicios, productos y recursos relacionados con la información y la tecnología.
A13: 3.2. Audiencias virtuales, videoconferencia, streaming y portal de grabaciones a Nivel Nacional | B13: Servicios de audiencias virtuales, videoconferencias, streaming, incluyendo su agendamiento y la copia de las grabaciones al repositorio central, portal de gestión de grabaciones, y todos sus servicios conexos. | C13: 3.2.2. Soporte y administración de la herramienta Videoconferencia – Servicios en la Nube.
C14: 3.2.3. Administración y soporte del portal de gestión de grabaciones.
A15: 3.3. Gestión y desarrollo de software | B15: Servicios a contratar que son necesarios para garantizar que las aplicaciones satisfagan las necesidades de las partes interesadas internas y externas, en términos de funcionalidad, confiabilidad, mantenibilidad, cumplimiento y auditabilidad. | C15: 3.3.1. Mantenimiento preventivo y correctivo, administración, operación y soporte especializado a aplicaciones misionales y de apoyo.
A16: 3.4. Gestión de plataformas e infraestructura | B16: Esta Línea de Servicio está definida de conformidad con ITIL® 4, incluye los servicios a contratar que son necesarios para gestionar la infraestructura y las plataformas utilizadas por LA RAMA JUDICIAL; mediante la ejecución de actividades utilizadas para planificar, diseñar, desarrollar, entregar, mantener y soportar infraestructura y tecnología de plataforma. | C16: 3.4.1. Soporte en sitio.
C17: 3.4.2. Gestión de garantías de equipos y suministros tecnológicos.
C18: 3.4.3. Instalación y gestión de equipos de continuidad.
C19: 3.4.4. Administración, operación y soporte especializado.
C20: 3.4.5. Centro de Operaciones de Red (NOC).
C21: 3.4.6. Actualización del inventario físico de elementos tecnológicos a nivel nacional.
A22: 3.5. Adquisición de ofertas de servicios por demanda (Bolsa de servicios por demanda). | B22: LA ENTIDAD podrá a través de esta línea de servicios adquirir cuando lo requiera (por demanda) y mientras el contrato cuente con el recurso financiero necesario, ofertas de servicio para: • Mantenimiento preventivo. • Suministro de repuestos. • Servicios por demanda para Audiencias Virtuales. • Ampliaciones a las líneas de servicio contratadas. • Servicios complementarios de arrendamiento. | C22: 3.5.1. Condiciones generales.
C23: 3.5.2. Mantenimiento preventivo y correctivo en sitio.
C24: 3.5.3. Suministro de repuestos.
C25: 3.5.4. Servicios por demanda para Audiencias Virtuales.
C26: 3.5.5. Ampliaciones a las líneas de servicio contratadas.
C27: 3.5.6. Servicios complementarios de arrendamiento.
A28: 3.6. Soporte a la Gestión de Servicios TI. | B28: La gestión de servicios de TI entregada por EL CONTRATISTA se orienta a ofrecer complemento y mejora a las capacidades organizacionales de LA ENTIDAD, a través de su integración en el sistema de valor del servicio, para cumplir con las necesidades definidas por LA ENTIDAD. EL CONTRATISTA debe proponer e implementar durante la ejecución del contrato mejoras al sistema de valor del servicio, implementando y gestionando buenas prácticas que contribuyan a la agregación de valor a los servicios prestados a los servidores judiciales. LA SUPERVISIÓN o INTERVENTORÍA debe revisar, observar, validar y autorizar, cuando así lo considere, las propuestas de mejora e implementación que EL CONTRATISTA proponga para obtener el mayor potencial de la prestación de servicios contratados. | C28: 3.6.1. Operación y soporte a la implementación y mejora de las prácticas y estándares de Gestión de TI.
C29: 3.6.2. Administración, operación y soporte a herramientas de gestión de servicios y operaciones de TI.

Sheet 3. Servicios TH  (línea B)
A2: Objeto: Contratar los servicios de mesa de servicios, administración, operación, soporte, mantenimiento y la gestión de los servicios tecnológicos de la Rama Judicial a nivel nacional, incluyendo la adquisición de ofertas de servicio por demanda.
A3: NOTA: 1) La Jornada Única corresponde al tiempo diario que dedica el técnico o profesional a dearrollar las tarea proyectadas, la cual comprende de 8 horas. 2) La Jornada Nocturna corresponde al trabajo que se realiza en la noche y que va desde las 7 de la noche hasta las 6 de la mañana. 3) En el campo Grupo de municipios el valor que corresponde a General hace referencia a los profesionales o técnicos que desarrollan las actividades y que estan ubicados en las oficinas de EL CONTRATISTA, independiente del municipio donde se encuentre.
A4: Talento Humano
J5: 0.19
E6: Componentes | I6: Tiempo de contratación
A7: Código | B7: Tipo de Servicio | C7: Rol | D7: Nivel de soporte | E7: Ubicación del personal | F7: Grupo de municipios | G7: Unidad de Facturación | H7: Horario prestación del servicio | I7: Valor antes de IVA menor a seis (6) meses / Unidad de Facturación | J7: IVA 0,19 | K7: Valor con IVA menor a seis (6) meses / Unidad | L7: Valor antes de IVA mayor a seis (6) meses / Unidad de Facturación | M7: IVA 0,19 | N7: Valor con IVA mayor de seis (6) meses / Unidad
A8: LS04-STB-ATC-1 | B8: SERVICIO TÉCNICO BASE | C8: APOYO AL TÉCNICO COORDINADOR | D8: Nivel 2 | E8: En sitio (Instalaciones de la Entidad) | F8: Grupo No.1 | G8: Mensual | H8: Jornada Única | I8: 6806903.2 | L8: 6545380.6
A9: LS04-STB-ATC-2 | B9: SERVICIO TÉCNICO BASE | C9: APOYO AL TÉCNICO COORDINADOR | D9: Nivel 2 | E9: En sitio (Instalaciones de la Entidad) | F9: Grupo No.1 | G9: Mensual | H9: Jornada Nocturna | I9: 7876503.2 | L9: 7740283.9
A10: LS04-STB-ATC-3 | B10: SERVICIO TÉCNICO BASE | C10: APOYO AL TÉCNICO COORDINADOR | D10: Nivel 2 | E10: En sitio (Instalaciones de la Entidad) | F10: Grupo No.1 | G10: Por Días | H10: Por Días | I10: 187535.48 | L10: 184296.77
A11: LS04-STB-ATC-4 | B11: SERVICIO TÉCNICO BASE | C11: APOYO AL TÉCNICO COORDINADOR | D11: Nivel 2 | E11: En sitio (Instalaciones de la Entidad) | F11: Grupo No.1 | G11: Por Horas | H11: Por Horas | I11: 31264.516 | L11: 30722.581
A12: LS04-STB-ATC-5 | B12: SERVICIO TÉCNICO BASE | C12: APOYO AL TÉCNICO COORDINADOR | D12: Nivel 2 | E12: En sitio (instalaciones del contratista) | F12: General | G12: Mensual | H12: Jornada Única | I12: 6339909.7 | L12: 6230258.1
A13: LS04-STB-ATC-6 | B13: SERVICIO TÉCNICO BASE | C13: APOYO AL TÉCNICO COORDINADOR | D13: Nivel 2 | E13: En sitio (instalaciones del contratista) | F13: General | G13: Mensual | H13: Jornada Nocturna | I13: 8590335.5 | L13: 8441767.7
A14: LS04-STB-ATC-7 | B14: SERVICIO TÉCNICO BASE | C14: APOYO AL TÉCNICO COORDINADOR | D14: Nivel 2 | E14: En sitio (instalaciones del contratista) | F14: General | G14: Por Días | H14: Por Días | I14: 211354.84 | L14: 207690.32
A15: LS04-STB-ATC-8 | B15: SERVICIO TÉCNICO BASE | C15: APOYO AL TÉCNICO COORDINADOR | D15: Nivel 2 | E15: En sitio (instalaciones del contratista) | F15: General | G15: Por Horas | H15: Por Horas | I15: 35238.71 | L15: 34632.258
A16: LS04-STB-ATC-9 | B16: SERVICIO TÉCNICO BASE | C16: APOYO AL TÉCNICO COORDINADOR | D16: Nivel 2 | E16: En sitio (Instalaciones de la Entidad) | F16: Grupo No.2 | G16: Mensual | H16: Jornada Única | I16: 5985212.9 | L16: 5881703.2
A17: LS04-STB-ATC-10 | B17: SERVICIO TÉCNICO BASE | C17: APOYO AL TÉCNICO COORDINADOR | D17: Nivel 2 | E17: En sitio (Instalaciones de la Entidad) | F17: Grupo No.2 | G17: Mensual | H17: Jornada Nocturna | I17: 8379290.3 | L17: 8234361.3
A18: LS04-STB-ATC-11 | B18: SERVICIO TÉCNICO BASE | C18: APOYO AL TÉCNICO COORDINADOR | D18: Nivel 2 | E18: En sitio (Instalaciones de la Entidad) | F18: Grupo No.2 | G18: Por Días | H18: Por Días | I18: 199522.58 | L18: 196064.52
A19: LS04-STB-ATC-12 | B19: SERVICIO TÉCNICO BASE | C19: APOYO AL TÉCNICO COORDINADOR | D19: Nivel 2 | E19: En sitio (Instalaciones de la Entidad) | F19: Grupo No.2 | G19: Por Horas | H19: Por Horas | I19: 33277.419 | L19: 32696.774
... A1687: LS02-AV-ASTS-1704 | B1687: AUDIENCIAS VIRTUALES | C1687: AGENTE DE SOPORTE TÉCNICO STREAMING | D1687: Nivel 2 | E1687: En sitio (instalaciones de la Entidad) | F1687: Grupo No.5 | G1687: Por Horas | H1687: Por Horas | I1687: 54503.226 | L1687: 53561.29

Sheet 4. Recursos por demanda
A2: Objeto: Contratar los servicios de mesa de servicios, administración, operación, soporte, mantenimiento y la gestión de los servicios tecnológicos de la Rama Judicial a nivel nacional, incluyendo la adquisición de ofertas de servicio por demanda.
B4: Lista de Repuestos por Demanda
H5: General
A6: CODIGO CSJ | B6: Tipo de Elemento | C6: Marca | D6: Modelo | E6: Descripción del elemento | F6: Número de Parte | G6: Ubicación | H6: Valor Unitario sin Iva | I6: Iva | J6: Valor Total
A7: LS05-RPT-AC-01 | B7: Acces Point | C7: COMPATIBLE | D7: EAP220 | E7: EAP220 Acces Point N600 Dual Band Wireless Gigabit Ceiling/Wall Mount Access Point, QCA(Atheros), 300Mbps at 2.4Ghz + 300Mbps at 5Ghz, 802.11a/b/g/n, 802.3af PoE Supported, Centralized Management, Captive Portal, AP/Client/Bridge/Repeater, Multi-SSID, WMM | F7: COMPATIBLE | G7: General | H7: 1069085.2 | I7: 0.19 | J7: =(H7*I7)+H7 -> 1272211.3
A8: LS05-RPT-AC-02 | B8: Acces Point | C8: COMPATIBLE | D8: MIMO2X2 | E8: Access Point UniFi de largo alcance, Doble banda 802.11ac MIMO2X2 para interior, PoE 802.3af, soporta 250 clientes, hasta 867 Mbps Parte: UAP-AC-LR | F8: UAP-AC-LR | G8: General | H8: 667166.45 | I8: 0.19 | J8: =(H8*I8)+H8 -> 793928.08
A9: LS05-RPT-AC-03 | B9: Acces Point | C9: ARUBA | D9: AP 535 | E9: ACCESS POINT 530 Series - ARUBA Parte AP 535 | F9: AP 535 | G9: General | H9: 11101378 | I9: 0.19 | J9: =(H9*I9)+H9 -> 13210640
A10: LS05-RPT-AC-04 | B10: Acces Point | C10: Cisco | D10: CW9166D1 | E10: Cisco CW9166D1 Catalyst 9166I AP (W6E, tri-band 4x4,XOR) Parte: CW9166D1 | F10: CW9166D1 | G10: General | H10: 17272883 | I10: 0.19 | J10: =(H10*I10)+H10 -> 20554730
A11: LS05-RPT-AC-05 | B11: ACCESORIOS | C11: COMPATIBLE | D11: COMPATIBLE | E11: MULTIPLICADOR FULL HD SPLITTER HDMI 1X2 SOPORTA 3D | F11: COMPATIBLE | G11: General | H11: 97267.097 | I11: 0.19 | J11: =(H11*I11)+H11 -> 115747.85
A12: LS05-RPT-AC-06 | B12: ACCESORIOS | C12: COMPATIBLE | D12: COMPATIBLE | E12: ANGULO PLANO DEXSON, BLANCO, 20X12 | F12: COMPATIBLE | G12: General | H12: 5538.0645 | I12: 0.19 | J12: =(H12*I12)+H12 -> 6590.2968
A13: LS05-RPT-AC-07 | B13: ACCESORIOS | C13: Okidata | D13: COMPATIBLE | E13: Banda De Transferencia | Okidata /Transfer Belt C331 | F13: COMPATIBLE | G13: General | H13: 597446.45 | I13: 0.19 | J13: =(H13*I13)+H13 -> 710961.28
A14: LS05-RPT-AC-08 | B14: ACCESORIOS | C14: COMPATIBLE | D14: DOCKING STATION | E14: BASE PARA DISCOS 3.0 - DOCK STATION USB 3.0 DISCOS DUROS SATA /IDE DE 3.5/2.5 | F14: COMPATIBLE | G14: General | H14: 186174.19 | I14: 0.19 | J14: =(H14*I14)+H14 -> 221547.29
A15: LS05-RPT-AC-09 | B15: ACCESORIOS | C15: ZKTECO | D15: K40 | E15: BIOMETRICO LECTOR ZKTECO K40 HUELLA CONTROL DE ACCESO | F15: - | G15: General | H15: 1275985.8 | I15: 0.19 | J15: =(H15*I15)+H15 -> 1518423.1
A16: LS05-RPT-AC-10 | B16: ACCESORIOS | C16: ZKTECO | D16: COMPATIBLE | E16: BOTON NO TOUCH ZKTECO K2 BOTON DE SALIDA SIN CONTACTO CON CONTROL REMOTO | F16: COMPATIBLE | G16: General | H16: 345023.23 | I16: 0.19 | J16: =(H16*I16)+H16 -> 410577.64
A17: LS05-RPT-AC-11 | B17: ACCESORIOS | C17: COMPATIBLE | D17: COMPATIBLE | E17: BREAKER 40 AMP | F17: COMPATIBLE | G17: General | H17: 38378.065 | I17: 0.19 | J17: =(H17*I17)+H17 -> 45669.897
A18: LS05-RPT-AC-12 | B18: ACCESORIOS | C18: COMPATIBLE | D18: COMPATIBLE | E18: BREAKER ENCHUFLABLE 3X30AMP | F18: COMPATIBLE | G18: General | H18: 253990.97 | I18: 0.19 | J18: =(H18*I18)+H18 -> 302249.25
... A31: LS05-RPT-ADT-25 | B31: ADAPTADOR | C31: COMPATIBLE | D31: A421H | E31: Adaptador Epson modelo A421H Parte: A421H | F31: A421H | G31: General | H31: 523059.35 | I31: 0.19 | J31: =(H31*I31)+H31 -> 622440.63
A32: LS05-RPT-ADT-26 | B32: ADAPTADOR | C32: NEMA | D32: 2267590 | E32: Adaptador NEMA 5-20P / 5-15P Parte: 2267590 | F32: 2267590 | G32: General | H32: 177465.81 | I32: 0.19 | J32: =(H32*I32)+H32 -> 211184.31
A33: LS05-RPT-ADT-27 | B33: ADAPTADOR | C33: Dell | D33: 063P9N | E33: Adaptador AC DELL 19.5V 6.7A 130W Parte: 063P9N | F33: 063P9N | G33: General | H33: 613349.68 | I33: 0.19 | J33: =(H33*I33)+H33 -> 729886.12
A34: LS05-RPT-AA-28 | B34: AIRE ACONDICIONADO | C34: COMPATIBLE | D34: COMPATIBLE | E34: ABRAZADERA MEDIA LUNA PARA TUBERÍA EMT 1/2" | F34: NA | G34: General | H34: 1859.3548 | I34: 0.19 | J34: =(H34*I34)+H34 -> 2212.6323
A35: LS05-RPT-AA-29 | B35: AIRE ACONDICIONADO | C35: COMPATIBLE | D35: COMPATIBLE | E35: AIRE ACONDICIONADO MINI SPLIT TIPO PARED DE 36,000 BTU/H, INCLUYE: UNIDAD CONDENSADORA Y UNIDAD MANEJADORA, REFRIGERANTE 410 A, MONOFASICO, GAS MAP R-410-A , CINTA DE RUBATEX PARA PEGADO DE UNIONES, FILTRO AZN PARA AIRE ACONDICIONADO Y DEMAS ELEMENTOS DE | F35: COMPATIBLE | G35: General | H35: 15030950 | I35: 0.19 | J35: =(H35*I35)+H35 -> 17886830
A36: LS05-RPT-AA-30 | B36: AIRE ACONDICIONADO | C36: COMPATIBLE | D36: COMPATIBLE | E36: AISLAMIENTO TÉRMICO RUBATEX 1/2 X 2 METROS | F36: - | G36: General | H36: 16438.71 | I36: 0.19 | J36: =(H36*I36)+H36 -> 19562.065
A37: LS05-RPT-AA-31 | B37: AIRE ACONDICIONADO | C37: COMPATIBLE | D37: COMPATIBLE | E37: AISLAMIENTO TÉRMICO RUBATEX DE 5/8 EN TIRAS | F37: NA | G37: General | H37: 23659.355 | I37: 0.19 | J37: =(H37*I37)+H37 -> 28154.632
A38: LS05-RPT-AA-32 | B38: AIRE ACONDICIONADO | C38: COMPATIBLE | D38: COMPATIBLE | E38: ARANDELA PLANA ZINCADA DE 3/8" | F38: NA | G38: General | H38: 2415.4839 | I38: 0.19 | J38: =(H38*I38)+H38 -> 2874.4258
A39: LS05-RPT-AA-33 | B39: AIRE ACONDICIONADO | C39: York | D39: COMPATIBLE | E39: ASPA AXCIAL DE CONDENSADOR YORK | F39: COMPATIBLE | G39: General | H39: 296744.52 | I39: 0.19 | J39: =(H39*I39)+H39 -> 353125.97
A40: LS05-RPT-AA-34 | B40: AIRE ACONDICIONADO | C40: COMPATIBLE | D40: COMPATIBLE | E40: BARRA DE SOLDADURA HARRIS 0% | F40: - | G40: General | H40: 39225.806 | I40: 0.19 | J40: =(H40*I40)+H40 -> 46678.71
A41: LS05-RPT-AA-35 | B41: AIRE ACONDICIONADO | C41: NACIONAL | D41: GENERICO | E41: BLOWER PARA EVAPORADORA PARA AIRE ACONDICIONADO YORK DE 36.000 BTU | F41: NA | G41: General | H41: 1215958.7 | I41: 0.19 | J41: =(H41*I41)+H41 -> 1446990.9
A42: LS05-RPT-AA-36 | B42: AIRE ACONDICIONADO | C42: ASPEN | D42: MAX-HI | E42: BOMBA DE CONDENSADO PARA AIRE ACONDICIONADO DE HASTA 5 TR MAX HI-FLOW 220 VOLTIOS, CAUDAL MÁXIMO 500L/H | F42: NA | G42: General | H42: 621370.32 | I42: 0.19 | J42: =(H42*I42)+H42 -> 739430.68
A43: LS05-RPT-AA-37 | B43: AIRE ACONDICIONADO | C43: KAR PARTS | D43: - | E43: BOMBA DE CONDESADO KAR PARTS REF. RTP15WS115L | F43: RTP15WS115L | G43: General | H43: 624202.58 | I43: 0.19 | J43: =(H43*I43)+H43 -> 742801.07
A44: LS05-RPT-AA-38 | B44: AIRE ACONDICIONADO | C44: EVERWELL | D44: CP-MPG | E44: BOMBA PARA CONDENSADO TIPO TANQUE 500L 220 V EVERWELL CP-MPG | F44: - | G44: General | H44: 3603845.2 | I44: 0.19 | J44: =(H44*I44)+H44 -> 4288575.7
... A129: LS05-RPT-AA-123 | B129: AIRE ACONDICIONADO | C129: MABE | D129: PTM12CABWJM2 | E129: AIRE PORTATIL 12K R32 110v MABE Parte: PTM12CABWJM2 | F129: PTM12CABWJM2 | G129: General | H129: 2951103.2 | I129: 0.19 | J129: =(H129*I129)+H129 -> 3511812.8
A130: LS05-RPT-AA-124 | B130: AIRE ACONDICIONADO | C130: Minisplit | D130: 24000 | E130: Minisplit 24000 BTU MIDEA R-410 | F130: 24000 | G130: General | H130: 4322774.2 | I130: 0.19 | J130: =(H130*I130)+H130 -> 5144101.3
A131: LS05-RPT-AN-125 | B131: ARUBA NETWORKING | C131: HPE | D131: AP-535 | E131: HPE Aruba Networking AP-535 (RW) Dual Radio 4x4 802.11ax Internal Antennas Parte: JZ336A | F131: JZ336A | G131: General | H131: 10178666 | I131: 0.19 | J131: =(H131*I131)+H131 -> 12112612
A132: LS05-RPT-AN-126 | B132: ARUBA NETWORKING | C132: HPE | D132: HG6E5E | E132: HPE Aruba Networking Foundational Care 1Y NBD (Licencia y soporte) Parte: HG6E5E | F132: HG6E5E | G132: General | H132: 530838.71 | I132: 0.19 | J132: =(H132*I132)+H132 -> 631698.06
A133: LS05-RPT-AN-127 | B133: ARUBA NETWORKING | C133: HPE | D133: R1C73A | E133: HPE Aruba Networking AP-POE-BTSR 1-Port Smart Rate 802.3b (Inyector PoE) Parte: R1C73A | F133: R1C73A | G133: General | H133: 616752.26 | I133: 0.19 | J133: =(H133*I133)+H133 -> 733935.19
A134: LS05-RPT-AN-128 | B134: ARUBA NETWORKING | C134: HPE | D134: R3J18A | E134: HPE Aruba Networking AP-MNT-D Campus AP Type D Solid Surface Mount Bracket Kit (Kit de montaje) Parte: R3J18A | F134: R3J18A | G134: General | H134: 108207.74 | I134: 0.19 | J134: =(H134*I134)+H134 -> 128767.21
A135: LS05-RPT-AN-129 | B135: ARUBA NETWORKING | C135: HPE | D135: JW124A | E135: HPE Aruba Networking PC-AC-NA 125V/10A 1.8m C13 to NEMA 5-15P (NA) AC Power Cord (Cable AC) Parte: JW124A | F135: JW124A | G135: General | H135: 30729.032 | I135: 0.19 | J135: =(H135*I135)+H135 -> 36567.548
A136: LS05-RPT-AV-130 | B136: AUDIO Y VIDEO | C136: COMPATIBLE | D136: WN781ND | E136: ADAPTADOR CONVERSOR DE VÍDEO DISPLAYPORT A HDMI | F136: N/A | G136: General | H136: 67259.355 | I136: 0.19 | J136: =(H136*I136)+H136 -> 80038.632
A137: LS05-RPT-AV-131 | B137: AUDIO Y VIDEO | C137: COMPATIBLE | D137: COMPATIBLE | E137: ADAPTADOR DE CORRIENTE CAMARA TIPO DOMO | F137: COMPATIBLE | G137: General | H137: 109304.52 | I137: 0.19 | J137: =(H137*I137)+H137 -> 130072.37
A138: LS05-RPT-AV-132 | B138: AUDIO Y VIDEO | C138: COMPATIBLE | D138: COMPATIBLE | E138: ADAPTADOR ELITE DE PLUG 3.5 A ESTÉREO JACK | F138: COMPATIBLE | G138: General | H138: 5247.7419 | I138: 0.19 | J138: =(H138*I138)+H138 -> 6244.8129
A139: LS05-RPT-AV-133 | B139: AUDIO Y VIDEO | C139: COMPATIBLE | D139: COMPATIBLE | E139: ADAPTADOR RCA A PLUG 6.5 | F139: COMPATIBLE | G139: General | H139: 2566.4516 | I139: 0.19 | J139: =(H139*I139)+H139 -> 3054.0774
A140: LS05-RPT-AV-134 | B140: AUDIO Y VIDEO | C140: COMPATIBLE | D140: COMPATIBLE | E140: AMPLIFICADOR 1200 WATTS | F140: COMPATIBLE | G140: General | H140: 3345896.8 | I140: 0.19 | J140: =(H140*I140)+H140 -> 3981617.2
A141: LS05-RPT-AV-135 | B141: AUDIO Y VIDEO | C141: COMPATIBLE | D141: COMPATIBLE | E141: AMPLIFICADOR DE POTENCIA DE 2 CANALES40 WATTS, A 8 OHMIOS | F141: COMPATIBLE | G141: General | H141: 728398.71 | I141: 0.19 | J141: =(H141*I141)+H141 -> 866794.46
A142: LS05-RPT-AV-136 | B142: AUDIO Y VIDEO | C142: GENERICO | D142: COMPATIBLE | E142: Cable 3 RCA Audio / Video Cable, 3 RCA Macho (3Metros) | F142: COMPATIBLE | G142: General | H142: 15161.29 | I142: 0.19 | J142: =(H142*I142)+H142 -> 18041.935
... A144: LS05-RPT-AV-138 | B144: AUDIO Y VIDEO | C144: COMPATIBLE | D144: COMPATIBLE | E144: CABLE HDMI 5 METROS DOBLE FILTRO SOPORTA 3D 2K 4K 4096X2160 | F144: COMPATIBLE | G144: General | H144: 84811.613 | I144: 0.19 | J144: =(H144*I144)+H144 -> 100925.82
A145: LS05-RPT-AV-139 | B145: AUDIO Y VIDEO | C145: COMPATIBLE | D145: BT-512D | E145: CONVERTIDOR ADAPTADOR VGA A HDMI | G145: General | H145: 113832.26 | I145: 0.19 | J145: =(H145*I145)+H145 -> 135460.39
A146: LS05-RPT-AV-140 | B146: AUDIO Y VIDEO | C146: COMPATIBLE | D146: COMPATIBLE | E146: EXTENSION MICROFONO 13 METROS | F146: COMPATIBLE | G146: General | H146: 159847.74 | I146: 0.19 | J146: =(H146*I146)+H146 -> 190218.81
A147: LS05-RPT-AV-141 | B147: AUDIO Y VIDEO | C147: COMPATIBLE | D147: COMPATIBLE | E147: GUAYA DE SEGURIDAD: GUAYA EN ACERO TRENZADO 1,8M MATERIAL: 102754 X-SAFE PRO | F147: COMPATIBLE | G147: General | H147: 73910.968 | I147: 0.19 | J147: =(H147*I147)+H147 -> 87954.052
A148: LS05-RPT-AV-142 | B148: AUDIO Y VIDEO | C148: - | D148: BT-512D | E148: MICROFONO DELEGADO, MONTAJE EMPOTRADO | F148: - | G148: General | H148: 275930.32 | I148: 0.19 | J148: =(H148*I148)+H148 -> 328357.08
A149: LS05-RPT-AV-143 | B149: AUDIO Y VIDEO | C149: - | D149: BT-512D | E149: MICROFONOS MEETING MIC MODELO BTMD | F149: - | G149: General | H149: 229636.13 | I149: 0.19 | J149: =(H149*I149)+H149 -> 273266.99
A150: LS05-RPT-AV-144 | B150: AUDIO Y VIDEO | C150: - | D150: COMPATIBLE | E150: MIXER DE AUDIO 24 CANALES | F150: COMPATIBLE | G150: General | H150: 4397064.5 | I150: 0.19 | J150: =(H150*I150)+H150 -> 5232506.8
A151: LS05-RPT-AV-145 | B151: AUDIO Y VIDEO | C151: - | D151: COMPATIBLE | E151: PLUG AUDIO 3.5 | F151: COMPATIBLE | G151: General | H151: 1290.3226 | I151: 0.19 | J151: =(H151*I151)+H151 -> 1535.4839
A152: LS05-RPT-AV-146 | B152: AUDIO Y VIDEO | C152: - | D152: USB | E152: TARJETA DE SONIDO USB DE 7.1, NUMERO DE PARTE: ENMAB-8CM | F152: ENMAB-8CM | G152: General | H152: 164803.87 | I152: 0.19 | J152: =(H152*I152)+H152 -> 196116.61
A153: LS05-RPT-AV-147 | B153: AUDIO Y VIDEO | C153: - | D153: COMPATIBLE | E153: TRANSCEIVER COMPAIBLE MULTIMODO TIPO LC TLSM311LM | F153: COMPATIBLE | G153: General | H153: 205850.32 | I153: 0.19 | J153: =(H153*I153)+H153 -> 244961.88
A154: LS05-RPT-AV-148 | B154: AUDIO Y VIDEO | C154: - | D154: COMPATIBLE | E154: TRANSFORMADOR DE CIRCUITO CERRADO CCTV 24V AC 50VA TRANSFORMADOR DE CORRIENTE UL LISTADO PARA CÁMARAS DE SEGURIDAD | F154: COMPATIBLE | G154: General | H154: 32574.194 | I154: 0.19 | J154: =(H154*I154)+H154 -> 38763.29
A155: LS05-RPT-AV-149 | B155: AUDIO Y VIDEO | C155: - | D155: PANASONIC | E155: VIDEOBEAM LÁMPARA; PANASONIC ET-LAM1C - PARA EL PT-LM2U | F155: COMPATIBLE | G155: General | H155: 894176.77 | I155: 0.19 | J155: =(H155*I155)+H155 -> 1064070.4
A156: LS05-RPT-BDB-150 | B156: BANCO DE BATERÍAS | C156: COMPATIBLE | D156: CEBBAT-764830 | E156: BANCO DE BATERÍAS (30 MIN) EXTERNO PARTE: CEBBAT-764830 | F156: CEBBAT-764830 | G156: General | H156: 56924054 | I156: 0.19 | J156: =(H156*I156)+H156 -> 67739624
A157: LS05-RPT-BDB-152 | B157: BANCO DE BATERÍAS | C157: COMPATIBLE | D157: COMPATIBLE | E157: Banco de baterias x40 Unidades 12V 65ah | F157: COMPATIBLE | G157: General | H157: 70285410 | I157: 0.19 | J157: =(H157*I157)+H157 -> 83639638
... A310: LS05-RPT-CD-305 | B310: Cable Datos | C310: COMPATIBLE | D310: COMPATIBLE | E310: 330 Mts de cable UTP Categoría 6A | F310: COMPATIBLE | G310: General | H310: 1600072.3 | I310: 0.19 | J310: =(H310*I310)+H310 -> 1904086
A311: LS05-RPT-CD-306 | B311: Cable Datos | C311: TLC | D311: 40203 | E311: CABLE TLC-43 USB3.0 HYBRID 30M Parte: 40203 | F311: 40203 | G311: General | H311: 2224184.5 | I311: 0.19 | J311: =(H311*I311)+H311 -> 2646779.6
A312: LS05-RPT-CD-307 | B312: Cable Datos | C312: TLC | D312: 40203 | E312: CABLE TLC-43 USB3.0 HYBRID 30M Parte: 40203 | F312: BULK250LU10 | G312: General | H312: 2255318.7 | I312: 0.19 | J312: =(H312*I312)+H312 -> 2683829.3
A313: LS05-RPT-CD-308 | B313: Cable Datos | C313: COMPATIBLE | D313: COMPATIBLE | E313: CABLE DATOS RS-232C | F313: COMPATIBLE | G313: General | H313: 66565.161 | I313: 0.19 | J313: =(H313*I313)+H313 -> 79212.542
A314: LS05-RPT-CD-309 | B314: Cable Datos | C314: COMPATIBLE | D314: COMPATIBLE | E314: CABLE EXTENSIÓN USB 3.0 MACHO HEMBRA 15 METROS | F314: COMPATIBLE | G314: General | H314: 465281.29 | I314: 0.19 | J314: =(H314*I314)+H314 -> 553684.74
A315: LS05-RPT-CD-310 | B315: Cable Datos | C315: COMPATIBLE | D315: 37-1016-01 | E315: CABLE ADAPTADOR CISCO UCS Parte: 37-1016-01 | F315: 37-1016-01 | G315: General | H315: 537069.68 | I315: 0.19 | J315: =(H315*I315)+H315 -> 639112.92
A316: LS05-RPT-CD-311 | B316: Cable Datos | C316: COMPATIBLE | D316: 10 AWG | E316: Cable Multifilar Calibre 10 AWG x metro | F316: COMPATIBLE | G316: General | H316: 10896.774 | I316: 0.19 | J316: =(H316*I316)+H316 -> 12967.161
A317: LS05-RPT-CE-312 | B317: Cable Eléctrico | C317: COMPATIBLE | D317: T11BL1H27 | E317: Borna Ponchar calibre 3 - 0 AWG Ojo 1 - 2 Cobre Estañada Barril Largo Parte: T11BL1H27 | F317: T11BL1H27 | G317: General | H317: 16949.677 | I317: 0.19 | J317: =(H317*I317)+H317 -> 20170.116
A318: LS05-RPT-CE-313 | B318: Cable Eléctrico | C318: COMPATIBLE | D318: COMPATIBLE | E318: Cable de cobre 50 mts, aislado soldador No 4 AWG | F318: COMPATIBLE | G318: General | H318: 1139024.5 | I318: 0.19 | J318: =(H318*I318)+H318 -> 1355439.2
A319: LS05-RPT-CE-314 | B319: Cable Eléctrico | C319: COMPATIBLE | D319: COMPATIBLE | E319: CABLE ELECTRICO CENTELSA CALIBRE 4 AWG (1 m) Parte: THWN-4 | F319: COMPATIBLE | G319: General | H319: 21329.032 | I319: 0.19 | J319: =(H319*I319)+H319 -> 25381.548
A320: LS05-RPT-CE-315 | B320: Cable Eléctrico | C320: COMPATIBLE | D320: COMPATIBLE | E320: Cable eléctrico centelsa # 2 awg (1metro) | F320: COMPATIBLE | G320: General | H320: 44716.129 | I320: 0.19 | J320: =(H320*I320)+H320 -> 53212.194
A321: LS05-RPT-CE-316 | B321: Cable Eléctrico | C321: COMPATIBLE | D321: BULK250LU10 | E321: EXTENSIÓN BULK250LU10 PARA MIC DE 10 MTS XLR A XLR Parte: BULK250LU10 | F321: BULK250LU10 | G321: General | H321: 108970.32 | I321: 0.19 | J321: =(H321*I321)+H321 -> 129674.68
A322: LS05-RPT-CE-317 | B322: Cable Eléctrico | C322: centelsa | D322: COMPATIBLE | E322: Cable 1/0 marca centelsa | F322: COMPATIBLE | G322: General | H322: 43104.516 | I322: 0.19 | J322: =(H322*I322)+H322 -> 51294.374
A323: LS05-RPT-CE-318 | B323: Cable Eléctrico | C323: COMPATIBLE | D323: COMPATIBLE | E323: Cable eléctrico calibre 10 AWG | F323: COMPATIBLE | G323: General | H323: 9714.8387 | I323: 0.19 | J323: =(H323*I323)+H323 -> 11560.658
A324: LS05-RPT-CE-319 | B324: Cable Eléctrico | C324: COMPATIBLE | D324: COMPATIBLE | E324: CABLE SOLDADOR NEGRO 6AWG 600V 105 GRADOS 125A | F324: COMPATIBLE | G324: General | H324: 26620.645 | I324: 0.19 | J324: =(H324*I324)+H324 -> 31678.568
... A331: LS05-RPT-CDP-326 | B331: Caja de Paso | C331: COMPATIBLE | D331: COMPATIBLE | E331: Caja de Paso 50X50X20 Metalica | F331: COMPATIBLE | G331: General | H331: 257530.32 | I331: 0.19 | J331: =(H331*I331)+H331 -> 306461.08
A332: LS05-RPT-CAM-327 | B332: Cámara | C332: TELYCAM | D332: 40202 | E332: PTZ TELYCAM TLC-300-HU2-20 Parte: 40202 | F332: 40202 | G332: General | H332: 5313347.1 | I332: 0.19 | J332: =(H332*I332)+H332 -> 6322883
A333: LS05-RPT-CAM-328 | B333: Cámara | C333: COMPATIBLE | D333: DH-IPCHDBW2441EP- S-0280B | E333: CAMARA IP TIPO DOMO METALICO 4MP@30FPS 2,8MM FOV 104° WDR 120DB IP67 IK10 H.265+ IR 30M 2 IVS POE Parte: DH-IPCHDBW2441EP- S-0280B | F333: DH-IPCHDBW2441EP- S-0280B | G333: General | H333: 483805.16 | I333: 0.19 | J333: =(H333*I333)+H333 -> 575728.14
A334: LS05-RPT-CAM-329 | B334: Cámara | C334: COMPATIBLE | D334: PS-926 | E334: CAMARA USB 2.0 PTZ 10X ZOOM 1080P Parte: PS-926 | F334: PS-926 | G334: General | H334: 3628567.7 | I334: 0.19 | J334: =(H334*I334)+H334 -> 4317995.6
A335: LS05-RPT-CAM-330 | B335: Cámara | C335: Telycam | D335: TLC-300-IP-12 | E335: Camara Telycam TLC-300-IP 12 NDI HX Integrati Parte: TLC-300-IP-12 | F335: TLC-300-IP-12 | G335: General | H335: 8103037.4 | I335: 0.19 | J335: =(H335*I335)+H335 -> 9642614.5
A336: LS05-RPT-CAN-331 | B336: CANALETA | C336: Dexson | D336: COMPATIBLE | E336: Canaleta Dexson Gris Piso 60x13mm sin adhesivo DXN10013 X 2m Parte: DXN10013 | F336: DXN10013 | G336: General | H336: 62298.065 | I336: 0.19 | J336: =(H336*I336)+H336 -> 74134.697
A337: LS05-RPT-CAN-332 | B337: CANALETA | C337: Dexson | D337: DXN10013 | E337: Canaleta Dexson Gris Piso 60x13mm sin adhesivo DXN10013 X 2m Parte: DXN10013 | F337: DXN10013 | G337: General | H337: 55263.226 | I337: 0.19 | J337: =(H337*I337)+H337 -> 65763.239
A338: LS05-RPT-CC-333 | B338: Circuito Cerrado | C338: COMPATIBLE | D338: COMPATIBLE | E338: Circuito Cerrado de Television marca Alhua + 4 camaras+ grabacion res 1080 | F338: COMPATIBLE | G338: General | H338: 1357461.9 | I338: 0.19 | J338: =(H338*I338)+H338 -> 1615379.7
A339: LS05-RPT-CPV-334 | B339: Capturadora de Video | C339: AVerMedia | D339: COMPATIBLE | E339: Capturadora de Video para Sala de Audiencia AVerMedia | F339: COMPATIBLE | G339: General | H339: 783593.55 | I339: 0.19 | J339: =(H339*I339)+H339 -> 932476.32
A340: LS05-RPT-CPV-335 | B340: Capturadora de Video | C340: COMPATIBLE | D340: HU-03 | E340: Capturadora De Video / Streaming De Hdmi A Usb, 4k / 1080p Parte: HU-03 | F340: COMPATIBLE | G340: General | H340: 61221.935 | I340: 0.19 | J340: =(H340*I340)+H340 -> 72854.103
A341: LS05-RPT-CHAZO-336 | B341: Chazo | C341: COMPATIBLE | D341: COMPATIBLE | E341: Chazo Puntilla 5/16 x 1 1/2 | F341: COMPATIBLE | G341: General | H341: 2692.9032 | I341: 0.19 | J341: =(H341*I341)+H341 -> 3204.5548
A342: LS05-RPT-CDP-337 | B342: CDP | C342: Interactive | D342: R-SMART1210 | E342: CDP Line Interactive UPS 1200VA/720W Smart AVR, 10 Outlets, 560 Joules, RJ45 protection, LCD, software 120 Vac. Parte: R-SMART1210 | F342: R-SMART1210 | G342: General | H342: 928584.52 | I342: 0.19 | J342: =(H342*I342)+H342 -> 1105015.6
A343: LS05-RPT-CAG-338 | B343: Cargador | C343: HP | D343: COMPATIBLE | E343: Cargador Hp ProOne 440 G9 - L40098-001 90W AC ADPTR PFC SMART 3P 7.4mm SC | F343: COMPATIBLE | G343: General | H343: 794397.42 | I343: 0.19 | J343: =(H343*I343)+H343 -> 945332.93
A344: LS05-RPT-CAG-339 | B344: Cargador | C344: COMPATIBLE | D344: COMPATIBLE | E344: CARGADOR AC 100-240 V DC21V 2A FUENTE DE ALIMENTACION DE CAR | F344: COMPATIBLE | G344: General | H344: 47517.419 | I344: 0.19 | J344: =(H344*I344)+H344 -> 56545.729
... A353: LS05-RPT-COM-348 | B353: COMPUTADOR | C353: HP | D353: COMPATIBLE | E353: 384019-001 AC Adapter/Battery Charger for HP/Compaq | F353: 384019-001 | G353: General | H353: 81561.29 | I353: 0.19 | J353: =(H353*I353)+H353 -> 97057.935
A354: LS05-RPT-COM-349 | B354: COMPUTADOR | C354: IBM | D354: 8306 | E354: 41A9739 IBM POWER SUPPLY 280W SFF | F354: 41A9739 | G354: General | H354: 463660.65 | I354: 0.19 | J354: =(H354*I354)+H354 -> 551756.17
A355: LS05-RPT-COM-350 | B355: COMPUTADOR | C355: EQUIPO DE COMPUTO | D355: ELITE 8000 | E355: 508153-001 FUENTE DE PODER 320 WATT PARA 6005MT ELITE 8000 MICROTOWER | F355: 508153-001 | G355: General | H355: 488002.58 | I355: 0.19 | J355: =(H355*I355)+H355 -> 580723.07
A356: LS05-RPT-COM-351 | B356: COMPUTADOR | C356: COMPATIBLE | D356: COMPATIBLE | E356: 960-000880 CAMARA WEB C170 | F356: COMPATIBLE | G356: General | H356: 319960 | I356: 0.19 | J356: =(H356*I356)+H356 -> 380752.4
A357: LS05-RPT-COM-352 | B357: COMPUTADOR | C357: COMPATIBLE | D357: COMPATIBLE | E357: 960-000948 CAMARA WEB C525 | F357: COMPATIBLE | G357: General | H357: 400940.65 | I357: 0.19 | J357: =(H357*I357)+H357 -> 477119.37
A358: LS05-RPT-COM-353 | B358: COMPUTADOR | C358: COMPATIBLE | D358: COMPATIBLE | E358: 981-000587 DIADEMA STEREO H151 | F358: COMPATIBLE | G358: General | H358: 157584.52 | I358: 0.19 | J358: =(H358*I358)+H358 -> 187525.57
A359: LS05-RPT-COM-354 | B359: COMPUTADOR | C359: EQUIPO DE COMPUTO | D359: - | E359: ADAPTADOR DISPLAYPORT A VGA - ACTIVO - 1080P - CONVERTIDOR DP A VGA (DP2VGA2) | F359: (DP2VGA2) | G359: General | H359: 336664.52 | I359: 0.19 | J359: =(H359*I359)+H359 -> 400630.77
A360: LS05-RPT-COM-355 | B360: COMPUTADOR | C360: HOITO | D360: - | E360: ADAPTADOR PARA COMPUTADOR HP HOIOTO ADS-45NP-12-1 12036 G, 12 V 3A 5.5 X 2.1 MM | F360: ADS-45NP-12-1 12036G | G360: General | H360: 170747.1 | I360: 0.19 | J360: =(H360*I360)+H360 -> 203189.05
A361: LS05-RPT-COM-356 | B361: COMPUTADOR | C361: COMPATIBLE | D361: N150 | E361: ADAPTADOR RECEPTOR WIFI USB INALAMBRICO 150 MBPS CON ANTENA | F361: - | G361: General | H361: 22950.968 | I361: 0.19 | J361: =(H361*I361)+H361 -> 27311.652
A362: LS05-RPT-COM-357 | B362: COMPUTADOR | C362: HP | D362: DC5750 | E362: AMD ATHLON 64 X2 DUAL-CORE 3800 | F362: 433502-001 | G362: General | H362: 436194.84 | I362: 0.19 | J362: =(H362*I362)+H362 -> 519071.86
A363: LS05-RPT-COM-358 | B363: COMPUTADOR | C363: ASROCK | D363: FSB1600 | E363: ASROCK G31M-S REV.1.10 DDR2 800 FSB1600 PLACA MADRE | F363: G31M-S | G363: General | H363: 230774.19 | I363: 0.19 | J363: =(H363*I363)+H363 -> 274621.29
A364: LS05-RPT-COM-359 | B364: COMPUTADOR | C364: GENIUS | D364: COMPATIBLE | E364: AUDIFONO GENIUS HS-04SU 31710045100 | F364: COMPATIBLE | G364: General | H364: 60317.419 | I364: 0.19 | J364: =(H364*I364)+H364 -> 71777.729
A365: LS05-RPT-COM-360 | B365: COMPUTADOR | C365: TRUST EAZE | D365: - | E365: AUDÍFONOS TRUST EAZE N/P: 23550 | F365: N/P: 23550 | G365: General | H365: 228788.39 | I365: 0.19 | J365: =(H365*I365)+H365 -> 272258.18
...

Sheet 5. Otros Servicios por demanda
A2: Objeto: Contratar los servicios de mesa de servicios, administración, operación, soporte, mantenimiento y la gestión de los servicios tecnológicos de la Rama Judicial a nivel nacional, incluyendo la adquisición de ofertas de servicio por demanda.
A3: Nota No.1: Se debe contemplar todos los tipos de elementos por cada uno de los grupos de municipios.
A4: Nota No.2: Se debe tener en cuenta que los elementos que estén con ubicación en General deben contemplar en su costo todos los conceptos independientemente de donde están ubicados (Grupo 1, Grupo 2, Grupo 3, Grupo 4 o Grupo 5). Para LA ENTIDAD se toma el valor como único independiente de donde se requiera el elemento. Es importante indicar que los conceptos de costo que no se deben considerar en el valor de arrendamiento de los equipos ni en el "Soporte técnico en sitio a la audiencia virtual o evento." ni en el "Servicio de intérprete de lenguaje de señas.", de este catálogo, son los siguientes y deben ser presentados por aparte en el presente catálogo y de conformidad con los requisitos establecidos en el Anexo-1_AnexoTecnico: * Transporte de uno o más equipos. * Transporte Recurso Humano entre ciudades. * Alimentación y estadía.
A5: Otros servicos por demanda
A7: Código | B7: Servicio | C7: Elemento | D7: Ubicación | E7: Unidad de Facturación | F7: Valor antes de IVA | G7: IVA | H7: Valor Total
A8: LS05-AV-CV-01 | B8: Audiencias virtuales | C8: Cámara de Videoconferencia. | D8: General | E8: Día 1 | F8: 427187.1 | G8: 0.19 | H8: =(F8*G8)+F8 -> 508352.65
A9: LS05-AV-CV-02 | B9: Audiencias virtuales | C9: Cámara de Videoconferencia. | D9: General | E9: Día 2 o posterior | F9: 230412.9 | G9: 0.19 | H9: =(F9*G9)+F9 -> 274191.35
A10: LS05-AV-CV-03 | B10: Audiencias virtuales | C10: Cámara de Videoconferencia. | D10: General | E10: Mes | F10: 4271819.4 | G10: 0.19 | H10: =(F10*G10)+F10 -> 5083465
A11: LS05-AV-C4K-04 | B11: Audiencias virtuales | C11: Cámara 4k Streaming. | D11: General | E11: Día 1 | F11: 1279264.5 | G11: 0.19 | H11: =(F11*G11)+F11 -> 1522324.8
A12: LS05-AV-C4K-05 | B12: Audiencias virtuales | C12: Cámara 4k Streaming. | D12: General | E12: Día 2 o posterior | F12: 767561.29 | G12: 0.19 | H12: =(F12*G12)+F12 -> 913397.94
A13: LS05-AV-C4K-06 | B13: Audiencias virtuales | C13: Cámara 4k Streaming. | D13: General | E13: Mes | F13: 8315174.2 | G13: 0.19 | H13: =(F13*G13)+F13 -> 9895057.3
A14: LS05-AV-CF-07 | B14: Audiencias virtuales | C14: Cámara Fotográfica. | D14: General | E14: Día 1 | F14: 736696.77 | G14: 0.19 | H14: =(F14*G14)+F14 -> 876669.16
A15: LS05-AV-CF-08 | B15: Audiencias virtuales | C15: Cámara Fotográfica. | D15: General | E15: Día 2 o posterior | F15: 529677.42 | G15: 0.19 | H15: =(F15*G15)+F15 -> 630316.13
A16: LS05-AV-CF-09 | B16: Audiencias virtuales | C16: Cámara Fotográfica. | D16: General | E16: Mes | F16: 6451354.8 | G16: 0.19 | H16: =(F16*G16)+F16 -> 7677112.3
A17: LS05-AV-TL-16 | B17: Audiencias virtuales | C17: Telón. | D17: General | E17: Día 1 | F17: 22709.677 | G17: 0.19 | H17: =(F17*G17)+F17 -> 27024.516
A18: LS05-AV-TL-17 | B18: Audiencias virtuales | C18: Telón. | D18: General | E18: Día 2 o posterior | F18: 8890.3226 | G18: 0.19 | H18: =(F18*G18)+F18 -> 10579.484
A19: LS05-AV-TL-18 | B19: Audiencias virtuales | C19: Telón. | D19: General | E19: Mes | F19: 85974.194 | G19: 0.19 | H19: =(F19*G19)+F19 -> 102309.29
... A192: LS05-MPE-84 | B192: Mantenimiento Preventivo de Equipos | C192: Aire Acondicionado de Confort | D192: Grupo 5 | E192: Unidad | F192: 735367.74 | G192: 0.19 | H192: =(F192*G192)+F192 -> 875087.61

Sheet 6. Servicios Complementarios
A2: Objeto: Contratar los servicios de mesa de servicios, administración, operación, soporte, mantenimiento y la gestión de los servicios tecnológicos de la Rama Judicial a nivel nacional, incluyendo la adquisición de ofertas de servicio por demanda.
A3: Nota No.1: Se debe contemplar todos los tipos de elementos por cada uno de los grupos de municipios.
A4: Nota No.2: Se debe tener en cuenta que los elementos que estén con ubicación en "General" deben contemplar en su costo todos los conceptos independientemente de donde están ubicados (Grupo 1, Grupo 2, Grupo 3, Grupo 4 o Grupo 5). Para LA ENTIDAD se toma el valor como único independiente de donde se requiera el elemento.
A5: Nota No. 3: La entidad se reserva el derecho de validar contra el mercado los precios ofertados en el presente catálago.
A6: Servicios complementarios de arrendamiento
K7: 0.19
A8: Código | B8: Servicio | C8: Factor de Forma | D8: Componentes | E8: Característica 1 | F8: Característica 2 | G8: Procesamiento | H8: Ubicación | I8: Unidad de Facturación | J8: Valor antes de IVA | K8: IVA | L8: Valor Total
A9: LS05-SCA-AIOB-01 | B9: Servicios complementarios de arrendamiento | C9: Desktop - All in One | D9: Procesador: AMD Ryzen 5 de 5500 o su equivalente en Intel, Tipo de disco: SSD de 250 GB PCIe, Memoria RAM: 8GB. Monitor 21,5" | E9: N/A | F9: N/A | G9: Básico | H9: General | I9: Día 1 | J9: 87212.903 | K9: =$K$7 -> 0.19 | L9: =(J9*K9)+J9 -> 103783.35
A10: LS05-SCA-AIOB-02 | B10: Servicios complementarios de arrendamiento | C10: Desktop - All in One | D10: Procesador: AMD Ryzen 5 de 5500 o su equivalente en Intel, Tipo de disco: SSD de 250 GB PCIe, Memoria RAM: 8GB. Monitor 21,5" | E10: N/A | F10: N/A | G10: Básico | H10: General | I10: Día 2 o posterior | J10: 69767.742 | K10: =$K$7 -> 0.19 | L10: =(J10*K10)+J10 -> 83023.613
A11: LS05-SCA-AIOB-03 | B11: Servicios complementarios de arrendamiento | C11: Desktop - All in One | D11: Procesador: AMD Ryzen 5 de 5500 o su equivalente en Intel, Tipo de disco: SSD de 250 GB PCIe, Memoria RAM: 8GB. Monitor 21,5" | E11: N/A | F11: N/A | G11: Básico | H11: General | I11: Mes | J11: 1308245.2 | K11: =$K$7 -> 0.19 | L11: =(J11*K11)+J11 -> 1556811.7
A12: LS05-SCA-AIOM-04 | B12: Servicios complementarios de arrendamiento | C12: Desktop - All in One | D12: Procesador: AMD Ryzen 7 de 5800 o su equivalente en Intel , Tipo de disco: SSD de 500 GB PCIe, Memoria RAM: 16GB. Monitor 23,8" | E12: N/A | F12: N/A | G12: Medio | H12: General | I12: Día 1 | J12: 109238.71 | K12: =$K$7 -> 0.19 | L12: =(J12*K12)+J12 -> 129994.06
A13: LS05-SCA-AIOM-05 | B13: Servicios complementarios de arrendamiento | C13: Desktop - All in One | D13: Procesador: AMD Ryzen 7 de 5800 o su equivalente en Intel , Tipo de disco: SSD de 500 GB PCIe, Memoria RAM: 16GB. Monitor 23,8" | E13: N/A | F13: N/A | G13: Medio | H13: General | I13: Día 2 o posterior | J13: 87393.548 | K13: =$K$7 -> 0.19 | L13: =(J13*K13)+J13 -> 103998.32
A14: LS05-SCA-AIOM-06 | B14: Servicios complementarios de arrendamiento | C14: Desktop - All in One | D14: Procesador: AMD Ryzen 7 de 5800 o su equivalente en Intel , Tipo de disco: SSD de 500 GB PCIe, Memoria RAM: 16GB. Monitor 23,8" | E14: N/A | F14: N/A | G14: Medio | H14: General | I14: Mes | J14: 1638554.8 | K14: =$K$7 -> 0.19 | L14: =(J14*K14)+J14 -> 1949880.3
A15: LS05-SCA-AIOA-07 | B15: Servicios complementarios de arrendamiento | C15: Desktop - All in One | D15: Procesador: AMD Ryzen 9 de 5950 o su equivalente en Intel , Tipo de disco: SSD de 500 GB PCIe, Memoria RAM: 32GB. Monitor 27" | E15: N/A | F15: N/A | G15: Avanzado | H15: General | I15: Día 1 | J15: 113058.06 | K15: =$K$7 -> 0.19 | L15: =(J15*K15)+J15 -> 134539.1
A16: LS05-SCA-AIOA-08 | B16: Servicios complementarios de arrendamiento | C16: Desktop - All in One | D16: Procesador: AMD Ryzen 9 de 5950 o su equivalente en Intel , Tipo de disco: SSD de 500 GB PCIe, Memoria RAM: 32GB. Monitor 27" | E16: N/A | F16: N/A | G16: Avanzado | H16: General | I16: Día 2 o posterior | J16: 90438.71 | K16: =$K$7 -> 0.19 | L16: =(J16*K16)+J16 -> 107622.06
A17: LS05-SCA-AIOA-09 | B17: Servicios complementarios de arrendamiento | C17: Desktop - All in One | D17: Procesador: AMD Ryzen 9 de 5950 o su equivalente en Intel , Tipo de disco: SSD de 500 GB PCIe, Memoria RAM: 32GB. Monitor 27" | E17: N/A | F17: N/A | G17: Avanzado | H17: General | I17: Mes | J17: 1695845.2 | K17: =$K$7 -> 0.19 | L17: =(J17*K17)+J17 -> 2018055.7
A18: LS05-SCA-PCB-10 | B18: Servicios complementarios de arrendamiento | C18: Portátil - Corporativo | D18: Procesador: AMD Ryzen 5 de 5500 o su equivalente en Intel, Tipo de disco: HDD de 1 TB 7200Rpm, Memoria RAM: 8GB. Monitor 13"" | E18: N/A | F18: N/A | G18: Básico | H18: General | I18: Día 1 | J18: 110425.81 | K18: =$K$7 -> 0.19 | L18: =(J18*K18)+J18 -> 131406.71
A19: LS05-SCA-PCB-11 | B19: Servicios complementarios de arrendamiento | C19: Portátil - Corporativo | D19: Procesador: AMD Ryzen 5 de 5500 o su equivalente en Intel, Tipo de disco: HDD de 1 TB 7200Rpm, Memoria RAM: 8GB. Monitor 13"" | E19: N/A | F19: N/A | G19: Básico | H19: General | I19: Día 2 o posterior | J19: 88348.387 | K19: =$K$7 -> 0.19 | L19: =(J19*K19)+J19 -> 105134.58
A20: LS05-SCA-PCB-12 | B20: Servicios complementarios de arrendamiento | C20: Portátil - Corporativo | D20: Procesador: AMD Ryzen 5 de 5500 o su equivalente en Intel, Tipo de disco: HDD de 1 TB 7200Rpm, Memoria RAM: 8GB. Monitor 13"" | E20: N/A | F20: N/A | G20: Básico | H20: General | I20: Mes | J20: 1656451.6 | K20: =$K$7 -> 0.19 | L20: =(J20*K20)+J20 -> 1971177.4
... A323: LS05-SCA-SAVT2-318 | B323: Servicios complementarios de arrendamiento | C323: Set de audiencias Tipo 2 | D323: 1 Cámara, 1 Amplificador de audio, 4 Micrófonos inalámbricos cuello de Ganso, 2 Altavoces, 1 Unidad central de conferencias, 1 Pc, 1 Tv, 1 Switch (poe), cables de conexión. | E323: N/A | F323: N/A | G323: Inalámbrica | H323: General | I323: Mes | J323: 5376348.4 | K323: =$K$7 -> 0.19 | L323: =(J323*K323)+J323 -> 6397854.6

Sheet 7. Costo Línea B (TH)
A2: Objeto: Contratar los servicios de mesa de servicios, administración, operación, soporte, mantenimiento y la gestión de los servicios tecnológicos de la Rama Judicial a nivel nacional, incluyendo la adquisición de ofertas de servicio por demanda.
A3: Información de Costos
A4: RESUMEN
A6: Línea de servicio / Tipo de servicio profesional / Rol | D6: Componentes del servicio | K6: Valores consolidados del servicio por mes
A7: Línea de Servicio | B7: Tipo de Servicio | C7: Rol | D7: Nivel | E7: Cod. Del Servicio | F7: Ubicación del personal | G7: Grupo de municipios | H7: Cantidad Recursos | I7: Horario prestación del servicio | J7: Unidad de Facturación | K7: Valor Unitario MENOR (6) MESES / SIN IVA | L7: Valor Unitario MAYOR (6) MESES / SIN IVA | M7: VALOR TOTAL SERVICIOS por Mes
A8: 3.1. Mesa de servicios | B8: SERVICIO TÉCNICO BASE | C8: AGENTE/ANALISTA DE MESA DE SERVICIOS (Nivel 1) | D8: Nivel 1 | E8: LS01-STB-AAMS-25 | F8: =VLOOKUP(TRIM(E8),'3. Servicios TH (línea B)'!$A$8:$N$1615,5,FALSE) -> En sitio (Instalaciones de la Entidad) | G8: =VLOOKUP(TRIM(E8),'3. Servicios TH (línea B)'!$A$7:$N$1615,6,FALSE) -> Grupo No.1 | H8: 1 | I8: =VLOOKUP(E8,'3. Servicios TH (línea B)'!$A$7:$N$1615,8,FALSE) -> Jornada Única | J8: =VLOOKUP(E8,'3. Servicios TH (línea B)'!$A$7:$N$1615,7,FALSE) -> Mensual | K8: =(VLOOKUP(E8,'3. Servicios TH (línea B)'!$A$7:$N$1687,9,FALSE)*H8) -> 4994967.7 | L8: =(VLOOKUP(E8,'3. Servicios TH (línea B)'!$A$7:$N$1687,12,FALSE)*H8) -> 4908580.6 | M8: =SUM(K8:L8) -> 9903548.4
E9: LS01-STB-AAMS-29 | F9: =VLOOKUP(TRIM(E9),'3. Servicios TH (línea B)'!$A$8:$N$1615,5,FALSE) -> En sitio (instalaciones del contratista) | G9: =VLOOKUP(TRIM(E9),'3. Servicios TH (línea B)'!$A$7:$N$1615,6,FALSE) -> General | H9: 1 | I9: =VLOOKUP(E9,'3. Servicios TH (línea B)'!$A$7:$N$1615,8,FALSE) -> Jornada Única | J9: =VLOOKUP(E9,'3. Servicios TH (línea B)'!$A$7:$N$1615,7,FALSE) -> Mensual | K9: =(VLOOKUP(E9,'3. Servicios TH (línea B)'!$A$7:$N$1687,9,FALSE)*H9) -> 6806890.3 | L9: =(VLOOKUP(E9,'3. Servicios TH (línea B)'!$A$7:$N$1687,12,FALSE)*H9) -> 6545445.2 | M9: =SUM(K9:L9) -> 13352335
E10: LS01-STB-AAMS-33 | F10: =VLOOKUP(TRIM(E10),'3. Servicios TH (línea B)'!$A$8:$N$1615,5,FALSE) -> En sitio (Instalaciones de la Entidad) | G10: =VLOOKUP(TRIM(E10),'3. Servicios TH (línea B)'!$A$7:$N$1615,6,FALSE) -> Grupo No.2 | H10: 1 | I10: =VLOOKUP(E10,'3. Servicios TH (línea B)'!$A$7:$N$1615,8,FALSE) -> Jornada Única | J10: =VLOOKUP(E10,'3. Servicios TH (línea B)'!$A$7:$N$1615,7,FALSE) -> Mensual | K10: =(VLOOKUP(E10,'3. Servicios TH (línea B)'!$A$7:$N$1687,9,FALSE)*H10) -> 5313780.6 | L10: =(VLOOKUP(E10,'3. Servicios TH (línea B)'!$A$7:$N$1687,12,FALSE)*H10) -> 5221883.9 | M10: =SUM(K10:L10) -> 10535665
E11: LS01-STB-AAMS-37 | F11: =VLOOKUP(TRIM(E11),'3. Servicios TH (línea B)'!$A$8:$N$1615,5,FALSE) -> En sitio (instalaciones de la Entidad) | G11: =VLOOKUP(TRIM(E11),'3. Servicios TH (línea B)'!$A$7:$N$1615,6,FALSE) -> Grupo No.3 | H11: 1 | I11: =VLOOKUP(E11,'3. Servicios TH (línea B)'!$A$7:$N$1615,8,FALSE) -> Jornada Única | J11: =VLOOKUP(E11,'3. Servicios TH (línea B)'!$A$7:$N$1615,7,FALSE) -> Mensual | K11: =(VLOOKUP(E11,'3. Servicios TH (línea B)'!$A$7:$N$1687,9,FALSE)*H11) -> 5652980.6 | L11: =(VLOOKUP(E11,'3. Servicios TH (línea B)'!$A$7:$N$1687,12,FALSE)*H11) -> 5555200
E12: LS01-STB-AAMS-41 | F12: =VLOOKUP(TRIM(E12),'3. Servicios TH (línea B)'!$A$8:$N$1615,5,FALSE) -> En sitio (Instalaciones de la Entidad) | G12: =VLOOKUP(TRIM(E12),'3. Servicios TH (línea B)'!$A$7:$N$1615,6,FALSE) -> Grupo No.4 | H12: 1 | I12: =VLOOKUP(E12,'3. Servicios TH (línea B)'!$A$7:$N$1615,8,FALSE) -> Jornada Única | J12: =VLOOKUP(E12,'3. Servicios TH (línea B)'!$A$7:$N$1615,7,FALSE) -> Mensual | K12: =(VLOOKUP(E12,'3. Servicios TH (línea B)'!$A$7:$N$1687,9,FALSE)*H12) -> 6013806.5 | L12: =(VLOOKUP(E12,'3. Servicios TH (línea B)'!$A$7:$N$1687,12,FALSE)*H12) -> 5909793.5
E13: LS01-STB-AAMS-45 | F13: =VLOOKUP(TRIM(E13),'3. Servicios TH (línea B)'!$A$8:$N$1615,5,FALSE) -> En sitio (instalaciones de la Entidad) | G13: =VLOOKUP(TRIM(E13),'3. Servicios TH (línea B)'!$A$7:$N$1615,6,FALSE) -> Grupo No.5 | H13: 1 | I13: =VLOOKUP(E13,'3. Servicios TH (línea B)'!$A$7:$N$1615,8,FALSE) -> Jornada Única | J13: =VLOOKUP(E13,'3. Servicios TH (línea B)'!$A$7:$N$1615,7,FALSE) -> Mensual | K13: =(VLOOKUP(E13,'3. Servicios TH (línea B)'!$A$7:$N$1687,9,FALSE)*H13) -> 6397651.6 | L13: =(VLOOKUP(E13,'3. Servicios TH (línea B)'!$A$7:$N$1687,12,FALSE)*H13) -> 6287006.5
C14: TÉCNICOS DE SOPORTE DE PRIMER NIVEL A USUARIOS DE CORREO | D14: Nivel 1 | E14: LS01-STB-TSUC-49 | F14: =VLOOKUP(TRIM(E14),'3. Servicios TH (línea B)'!$A$8:$N$1615,5,FALSE) -> En sitio (Instalaciones de la Entidad) | G14: =VLOOKUP(TRIM(E14),'3. Servicios TH (línea B)'!$A$7:$N$1615,6,FALSE) -> Grupo No.1 | H14: 1 | I14: =VLOOKUP(E14,'3. Servicios TH (línea B)'!$A$7:$N$1615,8,FALSE) -> Jornada Única | J14: =VLOOKUP(E14,'3. Servicios TH (línea B)'!$A$7:$N$1615,7,FALSE) -> Mensual | K14: =(VLOOKUP(E14,'3. Servicios TH (línea B)'!$A$7:$N$1687,9,FALSE)*H14) -> 10320529 | L14: =(VLOOKUP(E14,'3. Servicios TH (línea B)'!$A$7:$N$1687,12,FALSE)*H14) -> 9923974.2 | M14: =SUM(K14:L14) -> 20244503
E15: LS01-STB-TSUC-53 | F15: =VLOOKUP(TRIM(E15),'3. Servicios TH (línea B)'!$A$8:$N$1615,5,FALSE) -> En sitio (instalaciones del contratista) | G15: =VLOOKUP(TRIM(E15),'3. Servicios TH (línea B)'!$A$7:$N$1615,6,FALSE) -> General | H15: 1 | I15: =VLOOKUP(E15,'3. Servicios TH (línea B)'!$A$7:$N$1615,8,FALSE) -> Jornada Única | J15: =VLOOKUP(E15,'3. Servicios TH (línea B)'!$A$7:$N$1615,7,FALSE) -> Mensual | K15: =(VLOOKUP(E15,'3. Servicios TH (línea B)'!$A$7:$N$1687,9,FALSE)*H15) -> 10320529 | L15: =(VLOOKUP(E15,'3. Servicios TH (línea B)'!$A$7:$N$1687,12,FALSE)*H15) -> 9923974.2 | M15: =SUM(K15:L15) -> 20244503
E16: LS01-STB-TSUC-57 | F16: =VLOOKUP(TRIM(E16),'3. Servicios TH (línea B)'!$A$8:$N$1615,5,FALSE) -> En sitio (Instalaciones de la Entidad) | G16: =VLOOKUP(TRIM(E16),'3. Servicios TH (línea B)'!$A$7:$N$1615,6,FALSE) -> Grupo No.2 | H16: 1 | I16: =VLOOKUP(E16,'3. Servicios TH (línea B)'!$A$7:$N$1615,8,FALSE) -> Jornada Única | J16: =VLOOKUP(E16,'3. Servicios TH (línea B)'!$A$7:$N$1615,7,FALSE) -> Mensual | K16: =(VLOOKUP(E16,'3. Servicios TH (línea B)'!$A$7:$N$1687,9,FALSE)*H16) -> 9074671 | L16: =(VLOOKUP(E16,'3. Servicios TH (línea B)'!$A$7:$N$1687,12,FALSE)*H16) -> 8917729 | M16: =SUM(K16:L16) -> 17992400
E17: LS01-STB-TSUC-61 | F17: =VLOOKUP(TRIM(E17),'3. Servicios TH (línea B)'!$A$8:$N$1615,5,FALSE) -> En sitio (instalaciones de la Entidad) | G17: =VLOOKUP(TRIM(E17),'3. Servicios TH (línea B)'!$A$7:$N$1615,6,FALSE) -> Grupo No.3 | H17: 1 | I17: =VLOOKUP(E17,'3. Servicios TH (línea B)'!$A$7:$N$1615,8,FALSE) -> Jornada Única | J17: =VLOOKUP(E17,'3. Servicios TH (línea B)'!$A$7:$N$1615,7,FALSE) -> Mensual | K17: =(VLOOKUP(E17,'3. Servicios TH (línea B)'!$A$7:$N$1687,9,FALSE)*H17) -> 9653922.6 | L17: =(VLOOKUP(E17,'3. Servicios TH (línea B)'!$A$7:$N$1687,12,FALSE)*H17) -> 9486954.8
E18: LS01-STB-TSUC-65 | F18: =VLOOKUP(TRIM(E18),'3. Servicios TH (línea B)'!$A$8:$N$1615,5,FALSE) -> En sitio (Instalaciones de la Entidad) | G18: =VLOOKUP(TRIM(E18),'3. Servicios TH (línea B)'!$A$7:$N$1615,6,FALSE) -> Grupo No.4 | H18: 1 | I18: =VLOOKUP(E18,'3. Servicios TH (línea B)'!$A$7:$N$1615,8,FALSE) -> Jornada Única | J18: =VLOOKUP(E18,'3. Servicios TH (línea B)'!$A$7:$N$1615,7,FALSE) -> Mensual | K18: =(VLOOKUP(E18,'3. Servicios TH (línea B)'!$A$7:$N$1687,9,FALSE)*H18) -> 10270129 | L18: =(VLOOKUP(E18,'3. Servicios TH (línea B)'!$A$7:$N$1687,12,FALSE)*H18) -> 10092503
E19: LS01-STB-TSUC-69 | F19: =VLOOKUP(TRIM(E19),'3. Servicios TH (línea B)'!$A$8:$N$1615,5,FALSE) -> En sitio (instalaciones de la Entidad) | G19: =VLOOKUP(TRIM(E19),'3. Servicios TH (línea B)'!$A$7:$N$1615,6,FALSE) -> Grupo No.5 | H19: 1 | I19: =VLOOKUP(E19,'3. Servicios TH (línea B)'!$A$7:$N$1615,8,FALSE) -> Jornada Única | J19: =VLOOKUP(E19,'3. Servicios TH (línea B)'!$A$7:$N$1615,7,FALSE) -> Mensual | K19: =(VLOOKUP(E19,'3. Servicios TH (línea B)'!$A$7:$N$1687,9,FALSE)*H19) -> 10925639 | L19: =(VLOOKUP(E19,'3. Servicios TH (línea B)'!$A$7:$N$1687,12,FALSE)*H19) -> 10736671 | M19: =SUM(K19:L19) -> 21662310
B20: SERVICIO PROFESIONAL DE COORDINACIÓN | C20: COORDINADOR DE MESA DE SERVICIOS | D20: Nivel 1 | E20: LS01-SPC-CMS-505 | F20: =VLOOKUP(TRIM(E20),'3. Servicios TH (línea B)'!$A$8:$N$1615,5,FALSE) -> En sitio (Instalaciones de la Entidad) | G20: =VLOOKUP(TRIM(E20),'3. Servicios TH (línea B)'!$A$7:$N$1615,6,FALSE) -> Grupo No.1 | H20: 1 | I20: =VLOOKUP(E20,'3. Servicios TH (línea B)'!$A$7:$N$1615,8,FALSE) -> Jornada Única | J20: =VLOOKUP(E20,'3. Servicios TH (línea B)'!$A$7:$N$1615,7,FALSE) -> Mensual | K20: =(VLOOKUP(E20,'3. Servicios TH (línea B)'!$A$7:$N$1687,9,FALSE)*H20) -> 22603394 | L20: =(VLOOKUP(E20,'3. Servicios TH (línea B)'!$A$7:$N$1687,12,FALSE)*H20) -> 21734890 | M20: =SUM(K20:L20) -> 44338284
E21: LS01-SPC-CMS-509 | F21: =VLOOKUP(TRIM(E21),'3. Servicios TH (línea B)'!$A$8:$N$1615,5,FALSE) -> En sitio (instalaciones del contratista) | G21: =VLOOKUP(TRIM(E21),'3. Servicios TH (línea B)'!$A$7:$N$1615,6,FALSE) -> General | H21: 1 | I21: =VLOOKUP(E21,'3. Servicios TH (línea B)'!$A$7:$N$1615,8,FALSE) -> Jornada Única | J21: =VLOOKUP(E21,'3. Servicios TH (línea B)'!$A$7:$N$1615,7,FALSE) -> Mensual | K21: =(VLOOKUP(E21,'3. Servicios TH (línea B)'!$A$7:$N$1687,9,FALSE)*H21) -> 22603394 | L21: =(VLOOKUP(E21,'3. Servicios TH (línea B)'!$A$7:$N$1687,12,FALSE)*H21) -> 21734890 | M21: =SUM(K21:L21) -> 44338284
E22: LS01-SPC-CMS-513 | F22: =VLOOKUP(TRIM(E22),'3. Servicios TH (línea B)'!$A$8:$N$1615,5,FALSE) -> En sitio (Instalaciones de la Entidad) | G22: =VLOOKUP(TRIM(E22),'3. Servicios TH (línea B)'!$A$7:$N$1615,6,FALSE) -> Grupo No.2 | H22: 1 | I22: =VLOOKUP(E22,'3. Servicios TH (línea B)'!$A$7:$N$1615,8,FALSE) -> Jornada Única | J22: =VLOOKUP(E22,'3. Servicios TH (línea B)'!$A$7:$N$1615,7,FALSE) -> Mensual | K22: =(VLOOKUP(E22,'3. Servicios TH (línea B)'!$A$7:$N$1687,9,FALSE)*H22) -> 19874826 | L22: =(VLOOKUP(E22,'3. Servicios TH (línea B)'!$A$7:$N$1687,12,FALSE)*H22) -> 19531071 | M22: =SUM(K22:L22) -> 39405897
E23: LS01-SPC-CMS-517 | F23: =VLOOKUP(TRIM(E23),'3. Servicios TH (línea B)'!$A$8:$N$1615,5,FALSE) -> En sitio (instalaciones de la Entidad) | G23: =VLOOKUP(TRIM(E23),'3. Servicios TH (línea B)'!$A$7:$N$1615,6,FALSE) -> Grupo No.3 | H23: 1 | I23: =VLOOKUP(E23,'3. Servicios TH (línea B)'!$A$7:$N$1615,8,FALSE) -> Jornada Única | J23: =VLOOKUP(E23,'3. Servicios TH (línea B)'!$A$7:$N$1615,7,FALSE) -> Mensual | K23: =(VLOOKUP(E23,'3. Servicios TH (línea B)'!$A$7:$N$1687,9,FALSE)*H23) -> 21143432 | L23: =(VLOOKUP(E23,'3. Servicios TH (línea B)'!$A$7:$N$1687,12,FALSE)*H23) -> 20777742
E24: LS01-SPC-CMS-521 | F24: =VLOOKUP(TRIM(E24),'3. Servicios TH (línea B)'!$A$8:$N$1615,5,FALSE) -> En sitio (Instalaciones de la Entidad) | G24: =VLOOKUP(TRIM(E24),'3. Servicios TH (línea B)'!$A$7:$N$1615,6,FALSE) -> Grupo No.4 | H24: 1 | I24: =VLOOKUP(E24,'3. Servicios TH (línea B)'!$A$7:$N$1615,8,FALSE) -> Jornada Única | J24: =VLOOKUP(E24,'3. Servicios TH (línea B)'!$A$7:$N$1615,7,FALSE) -> Mensual | K24: =(VLOOKUP(E24,'3. Servicios TH (línea B)'!$A$7:$N$1687,9,FALSE)*H24) -> 22493006 | L24: =(VLOOKUP(E24,'3. Servicios TH (línea B)'!$A$7:$N$1687,12,FALSE)*H24) -> 22103974
E25: LS01-SPC-CMS-525 | F25: =VLOOKUP(TRIM(E25),'3. Servicios TH (línea B)'!$A$8:$N$1615,5,FALSE) -> En sitio (instalaciones de la Entidad) | G25: =VLOOKUP(TRIM(E25),'3. Servicios TH (línea B)'!$A$7:$N$1615,6,FALSE) -> Grupo No.5 | H25: 1 | I25: =VLOOKUP(E25,'3. Servicios TH (línea B)'!$A$7:$N$1615,8,FALSE) -> Jornada Única | J25: =VLOOKUP(E25,'3. Servicios TH (línea B)'!$A$7:$N$1615,7,FALSE) -> Mensual | K25: =(VLOOKUP(E25,'3. Servicios TH (línea B)'!$A$7:$N$1687,9,FALSE)*H25) -> 23928710 | L25: =(VLOOKUP(E25,'3. Servicios TH (línea B)'!$A$7:$N$1687,12,FALSE)*H25) -> 23514852 | M25: =SUM(K25:L25) -> 47443561
B26: SERVICIO PROFESIONAL BÁSICO | C26: SOPORTE BÁSICO - APLICATIVOS MISIONALES | D26: Nivel 1 | E26: LS01-SPB-SBAM-337 | F26: =VLOOKUP(TRIM(E26),'3. Servicios TH (línea B)'!$A$8:$N$1615,5,FALSE) -> En sitio (Instalaciones de la Entidad) | G26: =VLOOKUP(TRIM(E26),'3. Servicios TH (línea B)'!$A$7:$N$1615,6,FALSE) -> Grupo No.1 | H26: 1 | I26: =VLOOKUP(E26,'3. Servicios TH (línea B)'!$A$7:$N$1615,8,FALSE) -> Jornada Única | J26: =VLOOKUP(E26,'3. Servicios TH (línea B)'!$A$7:$N$1615,7,FALSE) -> Mensual | K26: =(VLOOKUP(E26,'3. Servicios TH (línea B)'!$A$7:$N$1687,9,FALSE)*H26) -> 12062606 | L26: =(VLOOKUP(E26,'3. Servicios TH (línea B)'!$A$7:$N$1687,12,FALSE)*H26) -> 11599123 | M26: =SUM(K26:L26) -> 23661729
E27: LS01-SPB-SBAM-341 | F27: =VLOOKUP(TRIM(E27),'3. Servicios TH (línea B)'!$A$8:$N$1615,5,FALSE) -> En sitio (instalaciones del contratista) | G27: =VLOOKUP(TRIM(E27),'3. Servicios TH (línea B)'!$A$7:$N$1615,6,FALSE) -> General | H27: 1 | I27: =VLOOKUP(E27,'3. Servicios TH (línea B)'!$A$7:$N$1615,8,FALSE) -> Jornada Única | J27: =VLOOKUP(E27,'3. Servicios TH (línea B)'!$A$7:$N$1615,7,FALSE) -> Mensual | K27: =(VLOOKUP(E27,'3. Servicios TH (línea B)'!$A$7:$N$1687,9,FALSE)*H27) -> 12062606 | L27: =(VLOOKUP(E27,'3. Servicios TH (línea B)'!$A$7:$N$1687,12,FALSE)*H27) -> 11599123 | M27: =SUM(K27:L27) -> 23661729
E28: LS01-SPB-SBAM-345 | F28: =VLOOKUP(TRIM(E28),'3. Servicios TH (línea B)'!$A$8:$N$1615,5,FALSE) -> En sitio (Instalaciones de la Entidad) | G28: =VLOOKUP(TRIM(E28),'3. Servicios TH (línea B)'!$A$7:$N$1615,6,FALSE) -> Grupo No.2 | H28: 1 | I28: =VLOOKUP(E28,'3. Servicios TH (línea B)'!$A$7:$N$1615,8,FALSE) -> Jornada Única | J28: =VLOOKUP(E28,'3. Servicios TH (línea B)'!$A$7:$N$1615,7,FALSE) -> Mensual | K28: =(VLOOKUP(E28,'3. Servicios TH (línea B)'!$A$7:$N$1687,9,FALSE)*H28) -> 10606465 | L28: =(VLOOKUP(E28,'3. Servicios TH (línea B)'!$A$7:$N$1687,12,FALSE)*H28) -> 10423019 | M28: =SUM(K28:L28) -> 21029484
E29: LS01-SPB-SBAM-349 | F29: =VLOOKUP(TRIM(E29),'3. Servicios TH (línea B)'!$A$8:$N$1615,5,FALSE) -> En sitio (instalaciones de la Entidad) | G29: =VLOOKUP(TRIM(E29),'3. Servicios TH (línea B)'!$A$7:$N$1615,6,FALSE) -> Grupo No.3 | H29: 1 | I29: =VLOOKUP(E29,'3. Servicios TH (línea B)'!$A$7:$N$1615,8,FALSE) -> Jornada Única | J29: =VLOOKUP(E29,'3. Servicios TH (línea B)'!$A$7:$N$1615,7,FALSE) -> Mensual | K29: =(VLOOKUP(E29,'3. Servicios TH (línea B)'!$A$7:$N$1687,9,FALSE)*H29) -> 11283471 | L29: =(VLOOKUP(E29,'3. Servicios TH (línea B)'!$A$7:$N$1687,12,FALSE)*H29) -> 11088323
E30: LS01-SPB-SBAM-353 | F30: =VLOOKUP(TRIM(E30),'3. Servicios TH (línea B)'!$A$8:$N$1615,5,FALSE) -> En sitio (Instalaciones de la Entidad) | G30: =VLOOKUP(TRIM(E30),'3. Servicios TH (línea B)'!$A$7:$N$1615,6,FALSE) -> Grupo No.4 | H30: 1 | I30: =VLOOKUP(E30,'3. Servicios TH (línea B)'!$A$7:$N$1615,8,FALSE) -> Jornada Única | J30: =VLOOKUP(E30,'3. Servicios TH (línea B)'!$A$7:$N$1615,7,FALSE) -> Mensual | K30: =(VLOOKUP(E30,'3. Servicios TH (línea B)'!$A$7:$N$1687,9,FALSE)*H30) -> 12003716 | L30: =(VLOOKUP(E30,'3. Servicios TH (línea B)'!$A$7:$N$1687,12,FALSE)*H30) -> 11796090
E31: LS01-SPB-SBAM-357 | F31: =VLOOKUP(TRIM(E31),'3. Servicios TH (línea B)'!$A$8:$N$1615,5,FALSE) -> En sitio (instalaciones de la Entidad) | G31: =VLOOKUP(TRIM(E31),'3. Servicios TH (línea B)'!$A$7:$N$1615,6,FALSE) -> Grupo No.5 | H31: 1 | I31: =VLOOKUP(E31,'3. Servicios TH (línea B)'!$A$7:$N$1615,8,FALSE) -> Jornada Única | J31: =VLOOKUP(E31,'3. Servicios TH (línea B)'!$A$7:$N$1615,7,FALSE) -> Mensual | K31: =(VLOOKUP(E31,'3. Servicios TH (línea B)'!$A$7:$N$1687,9,FALSE)*H31) -> 12769897 | L31: =(VLOOKUP(E31,'3. Servicios TH (línea B)'!$A$7:$N$1687,12,FALSE)*H31) -> 12549032 | M31: =SUM(K31:L31) -> 25318929
B32: SERVICIO PROFESIONAL AVANZADO | C32: SOPORTE ATENCIÓN AL CIUDADANO | D32: Nivel 1 | E32: LS01-SPA-SAC-361 | F32: =VLOOKUP(TRIM(E32),'3. Servicios TH (línea B)'!$A$8:$N$1615,5,FALSE) -> En sitio (Instalaciones de la Entidad) | G32: =VLOOKUP(TRIM(E32),'3. Servicios TH (línea B)'!$A$7:$N$1615,6,FALSE) -> Grupo No.1 | H32: 1 | I32: =VLOOKUP(E32,'3. Servicios TH (línea B)'!$A$7:$N$1615,8,FALSE) -> Jornada Única | J32: =VLOOKUP(E32,'3. Servicios TH (línea B)'!$A$7:$N$1615,7,FALSE) -> Mensual | K32: =(VLOOKUP(E32,'3. Servicios TH (línea B)'!$A$7:$N$1687,9,FALSE)*H32) -> 15576219 | L32: =(VLOOKUP(E32,'3. Servicios TH (línea B)'!$A$7:$N$1687,12,FALSE)*H32) -> 14977729 | M32: =SUM(K32:L32) -> 30553948
E33: LS01-SPA-SAC-365 | F33: =VLOOKUP(TRIM(E33),'3. Servicios TH (línea B)'!$A$8:$N$1615,5,FALSE) -> En sitio (instalaciones del contratista) | G33: =VLOOKUP(TRIM(E33),'3. Servicios TH (línea B)'!$A$7:$N$1615,6,FALSE) -> General | H33: 1 | I33: =VLOOKUP(E33,'3. Servicios TH (línea B)'!$A$7:$N$1615,8,FALSE) -> Jornada Única | J33: =VLOOKUP(E33,'3. Servicios TH (línea B)'!$A$7:$N$1615,7,FALSE) -> Mensual | K33: =(VLOOKUP(E33,'3. Servicios TH (línea B)'!$A$7:$N$1687,9,FALSE)*H33) -> 15576219 | L33: =(VLOOKUP(E33,'3. Servicios TH (línea B)'!$A$7:$N$1687,12,FALSE)*H33) -> 14977729 | M33: =SUM(K33:L33) -> 30553948
E34: LS01-SPA-SAC-369 | F34: =VLOOKUP(TRIM(E34),'3. Servicios TH (línea B)'!$A$8:$N$1615,5,FALSE) -> En sitio (Instalaciones de la Entidad) | G34: =VLOOKUP(TRIM(E34),'3. Servicios TH (línea B)'!$A$7:$N$1615,6,FALSE) -> Grupo No.2 | H34: 1 | I34: =VLOOKUP(E34,'3. Servicios TH (línea B)'!$A$7:$N$1615,8,FALSE) -> Jornada Única | J34: =VLOOKUP(E34,'3. Servicios TH (línea B)'!$A$7:$N$1615,7,FALSE) -> Mensual | K34: =(VLOOKUP(E34,'3. Servicios TH (línea B)'!$A$7:$N$1687,9,FALSE)*H34) -> 13695923 | L34: =(VLOOKUP(E34,'3. Servicios TH (línea B)'!$A$7:$N$1687,12,FALSE)*H34) -> 13459045 | M34: =SUM(K34:L34) -> 27154968
E35: LS01-SPA-SAC-373 | F35: =VLOOKUP(TRIM(E35),'3. Servicios TH (línea B)'!$A$8:$N$1615,5,FALSE) -> En sitio (instalaciones de la Entidad) | G35: =VLOOKUP(TRIM(E35),'3. Servicios TH (línea B)'!$A$7:$N$1615,6,FALSE) -> Grupo No.3 | H35: 1 | I35: =VLOOKUP(E35,'3. Servicios TH (línea B)'!$A$7:$N$1615,8,FALSE) -> Jornada Única | J35: =VLOOKUP(E35,'3. Servicios TH (línea B)'!$A$7:$N$1615,7,FALSE) -> Mensual | K35: =(VLOOKUP(E35,'3. Servicios TH (línea B)'!$A$7:$N$1687,9,FALSE)*H35) -> 14570142 | L35: =(VLOOKUP(E35,'3. Servicios TH (línea B)'!$A$7:$N$1687,12,FALSE)*H35) -> 14318142
E36: LS01-SPA-SAC-377 | F36: =VLOOKUP(TRIM(E36),'3. Servicios TH (línea B)'!$A$8:$N$1615,5,FALSE) -> En sitio (Instalaciones de la Entidad) | G36: =VLOOKUP(TRIM(E36),'3. Servicios TH (línea B)'!$A$7:$N$1615,6,FALSE) -> Grupo No.4 | H36: 1 | I36: =VLOOKUP(E36,'3. Servicios TH (línea B)'!$A$7:$N$1615,8,FALSE) -> Jornada Única | J36: =VLOOKUP(E36,'3. Servicios TH (línea B)'!$A$7:$N$1615,7,FALSE) -> Mensual | K36: =(VLOOKUP(E36,'3. Servicios TH (línea B)'!$A$7:$N$1687,9,FALSE)*H36) -> 15500168 | L36: =(VLOOKUP(E36,'3. Servicios TH (línea B)'!$A$7:$N$1687,12,FALSE)*H36) -> 15232077
E37: LS01-SPA-SAC-381 | F37: =VLOOKUP(TRIM(E37),'3. Servicios TH (línea B)'!$A$8:$N$1615,5,FALSE) -> En sitio (instalaciones de la Entidad) | G37: =VLOOKUP(TRIM(E37),'3. Servicios TH (línea B)'!$A$7:$N$1615,6,FALSE) -> Grupo No.5 | H37: 1 | I37: =VLOOKUP(E37,'3. Servicios TH (línea B)'!$A$7:$N$1615,8,FALSE) -> Jornada Única | J37: =VLOOKUP(E37,'3. Servicios TH (línea B)'!$A$7:$N$1615,7,FALSE) -> Mensual | K37: =(VLOOKUP(E37,'3. Servicios TH (línea B)'!$A$7:$N$1687,9,FALSE)*H37) -> 16489510 | L37: =(VLOOKUP(E37,'3. Servicios TH (línea B)'!$A$7:$N$1687,12,FALSE)*H37) -> 16204310 | M37: =SUM(K37:L37) -> 32693819
B38: GESTIÓN DE GRABACIONES | C38: ASISTENTE DE SOPORTE TÉCNICO AUDIENCIAS VIRTUALES (Nivel 1) | D38: Nivel 1 | E38: LS01-GG-ASAV-1561 | F38: =VLOOKUP(TRIM(E38),'3. Servicios TH (línea B)'!$A$8:$N$1615,5,FALSE) -> En sitio (Instalaciones de la Entidad) | G38: =VLOOKUP(TRIM(E38),'3. Servicios TH (línea B)'!$A$7:$N$1615,6,FALSE) -> Grupo No.1 | H38: 1 | I38: =VLOOKUP(E38,'3. Servicios TH (línea B)'!$A$7:$N$1615,8,FALSE) -> Jornada Única | J38: =VLOOKUP(E38,'3. Servicios TH (línea B)'!$A$7:$N$1615,7,FALSE) -> Mensual | K38: =(VLOOKUP(E38,'3. Servicios TH (línea B)'!$A$7:$N$1687,9,FALSE)*H38) -> 4994967.7 | L38: =(VLOOKUP(E38,'3. Servicios TH (línea B)'!$A$7:$N$1687,12,FALSE)*H38) -> 4908580.6
E39: LS01-GG-ASAV-1565 | F39: =VLOOKUP(TRIM(E39),'3. Servicios TH (línea B)'!$A$8:$N$1615,5,FALSE) -> En sitio (instalaciones del contratista) | G39: =VLOOKUP(TRIM(E39),'3. Servicios TH (línea B)'!$A$7:$N$1615,6,FALSE) -> General | H39: 1 | I39: =VLOOKUP(E39,'3. Servicios TH (línea B)'!$A$7:$N$1615,8,FALSE) -> Jornada Única | J39: =VLOOKUP(E39,'3. Servicios TH (línea B)'!$A$7:$N$1615,7,FALSE) -> Mensual | K39: =(VLOOKUP(E39,'3. Servicios TH (línea B)'!$A$7:$N$1687,9,FALSE)*H39) -> 6806890.3 | L39: =(VLOOKUP(E39,'3. Servicios TH (línea B)'!$A$7:$N$1687,12,FALSE)*H39) -> 6545367.7
E40: LS01-GG-ASAV-1569 | F40: =VLOOKUP(TRIM(E40),'3. Servicios TH (línea B)'!$A$8:$N$1615,5,FALSE) -> En sitio (Instalaciones de la Entidad) | G40: =VLOOKUP(TRIM(E40),'3. Servicios TH (línea B)'!$A$7:$N$1615,6,FALSE) -> Grupo No.2 | H40: 1 | I40: =VLOOKUP(E40,'3. Servicios TH (línea B)'!$A$7:$N$1615,8,FALSE) -> Jornada Única | J40: =VLOOKUP(E40,'3. Servicios TH (línea B)'!$A$7:$N$1615,7,FALSE) -> Mensual | K40: =(VLOOKUP(E40,'3. Servicios TH (línea B)'!$A$7:$N$1687,9,FALSE)*H40) -> 5313780.6 | L40: =(VLOOKUP(E40,'3. Servicios TH (línea B)'!$A$7:$N$1687,12,FALSE)*H40) -> 5221883.9
E41: LS01-GG-ASAV-1573 | F41: =VLOOKUP(TRIM(E41),'3. Servicios TH (línea B)'!$A$8:$N$1615,5,FALSE) -> En sitio (instalaciones de la Entidad) | G41: =VLOOKUP(TRIM(E41),'3. Servicios TH (línea B)'!$A$7:$N$1615,6,FALSE) -> Grupo No.3 | H41: 1 | I41: =VLOOKUP(E41,'3. Servicios TH (línea B)'!$A$7:$N$1615,8,FALSE) -> Jornada Única | J41: =VLOOKUP(E41,'3. Servicios TH (línea B)'!$A$7:$N$1615,7,FALSE) -> Mensual | K41: =(VLOOKUP(E41,'3. Servicios TH (línea B)'!$A$7:$N$1687,9,FALSE)*H41) -> 5652980.6 | L41: =(VLOOKUP(E41,'3. Servicios TH (línea B)'!$A$7:$N$1687,12,FALSE)*H41) -> 5555200
E42: LS01-GG-ASAV-1577 | F42: =VLOOKUP(TRIM(E42),'3. Servicios TH (línea B)'!$A$8:$N$1615,5,FALSE) -> En sitio (Instalaciones de la Entidad) | G42: =VLOOKUP(TRIM(E42),'3. Servicios TH (línea B)'!$A$7:$N$1615,6,FALSE) -> Grupo No.4 | H42: 1 | I42: =VLOOKUP(E42,'3. Servicios TH (línea B)'!$A$7:$N$1615,8,FALSE) -> Jornada Única | J42: =VLOOKUP(E42,'3. Servicios TH (línea B)'!$A$7:$N$1615,7,FALSE) -> Mensual | K42: =(VLOOKUP(E42,'3. Servicios TH (línea B)'!$A$7:$N$1687,9,FALSE)*H42) -> 6013806.5 | L42: =(VLOOKUP(E42,'3. Servicios TH (línea B)'!$A$7:$N$1687,12,FALSE)*H42) -> 5909793.5
E43: LS01-GG-ASAV-1581 | F43: =VLOOKUP(TRIM(E43),'3. Servicios TH (línea B)'!$A$8:$N$1615,5,FALSE) -> En sitio (instalaciones de la Entidad) | G43: =VLOOKUP(TRIM(E43),'3. Servicios TH (línea B)'!$A$7:$N$1615,6,FALSE) -> Grupo No.5 | H43: 1 | I43: =VLOOKUP(E43,'3. Servicios TH (línea B)'!$A$7:$N$1615,8,FALSE) -> Jornada Única | J43: =VLOOKUP(E43,'3. Servicios TH (línea B)'!$A$7:$N$1615,7,FALSE) -> Mensual | K43: =(VLOOKUP(E43,'3. Servicios TH (línea B)'!$A$7:$N$1687,9,FALSE)*H43) -> 6397651.6 | L43: =(VLOOKUP(E43,'3. Servicios TH (línea B)'!$A$7:$N$1687,12,FALSE)*H43) -> 6287006.5
A44: 3.2. Audiencias virtuales, videoconferencia, streaming y portal de grabaciones a Nivel Nacional. | B44: ADMINISTRATIVO | C44: COORDINADOR AUDIENCIAS VIRTUALES | D44: Nivel 2 | E44: LS02-AV-AD-CAV-841 | F44: =VLOOKUP(TRIM(E44),'3. Servicios TH (línea B)'!$A$8:$N$1615,5,FALSE) -> En sitio (Instalaciones de la Entidad) | G44: =VLOOKUP(TRIM(E44),'3. Servicios TH (línea B)'!$A$7:$N$1615,6,FALSE) -> Grupo No.1 | H44: 1 | I44: =VLOOKUP(E44,'3. Servicios TH (línea B)'!$A$7:$N$1615,8,FALSE) -> Jornada Única | J44: =VLOOKUP(E44,'3. Servicios TH (línea B)'!$A$7:$N$1615,7,FALSE) -> Mensual | K44: =(VLOOKUP(E44,'3. Servicios TH (línea B)'!$A$7:$N$1687,9,FALSE)*H44) -> 22603394 | L44: =(VLOOKUP(E44,'3. Servicios TH (línea B)'!$A$7:$N$1687,12,FALSE)*H44) -> 21734890 | M44: =SUM(K44:L44) -> 44338284
E45: LS02-AV-AD-CAV-845 | F45: =VLOOKUP(TRIM(E45),'3. Servicios TH (línea B)'!$A$8:$N$1615,5,FALSE) -> En sitio (instalaciones del contratista) | G45: =VLOOKUP(TRIM(E45),'3. Servicios TH (línea B)'!$A$7:$N$1615,6,FALSE) -> General | H45: 1 | I45: =VLOOKUP(E45,'3. Servicios TH (línea B)'!$A$7:$N$1615,8,FALSE) -> Jornada Única | J45: =VLOOKUP(E45,'3. Servicios TH (línea B)'!$A$7:$N$1615,7,FALSE) -> Mensual | K45: =(VLOOKUP(E45,'3. Servicios TH (línea B)'!$A$7:$N$1687,9,FALSE)*H45) -> 19542219 | L45: =(VLOOKUP(E45,'3. Servicios TH (línea B)'!$A$7:$N$1687,12,FALSE)*H45) -> 19204232 | M45: =SUM(K45:L45) -> 38746452
E46: LS02-AV-AD-CAV-849 | F46: =VLOOKUP(TRIM(E46),'3. Servicios TH (línea B)'!$A$8:$N$1615,5,FALSE) -> En sitio (Instalaciones de la Entidad) | G46: =VLOOKUP(TRIM(E46),'3. Servicios TH (línea B)'!$A$7:$N$1615,6,FALSE) -> Grupo No.2 | H46: 1 | I46: =VLOOKUP(E46,'3. Servicios TH (línea B)'!$A$7:$N$1615,8,FALSE) -> Jornada Única | J46: =VLOOKUP(E46,'3. Servicios TH (línea B)'!$A$7:$N$1615,7,FALSE) -> Mensual | K46: =(VLOOKUP(E46,'3. Servicios TH (línea B)'!$A$7:$N$1687,9,FALSE)*H46) -> 19874813 | L46: =(VLOOKUP(E46,'3. Servicios TH (línea B)'!$A$7:$N$1687,12,FALSE)*H46) -> 19531058 | M46: =SUM(K46:L46) -> 39405871
E47: LS02-AV-AD-CAV-853 | F47: =VLOOKUP(TRIM(E47),'3. Servicios TH (línea B)'!$A$8:$N$1615,5,FALSE) -> En sitio (instalaciones de la Entidad) | G47: =VLOOKUP(TRIM(E47),'3. Servicios TH (línea B)'!$A$7:$N$1615,6,FALSE) -> Grupo No.3 | H47: 1 | I47: =VLOOKUP(E47,'3. Servicios TH (línea B)'!$A$7:$N$1615,8,FALSE) -> Jornada Única | J47: =VLOOKUP(E47,'3. Servicios TH (línea B)'!$A$7:$N$1615,7,FALSE) -> Mensual | K47: =(VLOOKUP(E47,'3. Servicios TH (línea B)'!$A$7:$N$1687,9,FALSE)*H47) -> 21143432 | L47: =(VLOOKUP(E47,'3. Servicios TH (línea B)'!$A$7:$N$1687,12,FALSE)*H47) -> 20777742
E48: LS02-AV-AD-CAV-857 | F48: =VLOOKUP(TRIM(E48),'3. Servicios TH (línea B)'!$A$8:$N$1615,5,FALSE) -> En sitio (Instalaciones de la Entidad) | G48: =VLOOKUP(TRIM(E48),'3. Servicios TH (línea B)'!$A$7:$N$1615,6,FALSE) -> Grupo No.4 | H48: 1 | I48: =VLOOKUP(E48,'3. Servicios TH (línea B)'!$A$7:$N$1615,8,FALSE) -> Jornada Única | J48: =VLOOKUP(E48,'3. Servicios TH (línea B)'!$A$7:$N$1615,7,FALSE) -> Mensual | K48: =(VLOOKUP(E48,'3. Servicios TH (línea B)'!$A$7:$N$1687,9,FALSE)*H48) -> 22493032 | L48: =(VLOOKUP(E48,'3. Servicios TH (línea B)'!$A$7:$N$1687,12,FALSE)*H48) -> 22104000
E49: LS02-AV-AD-CAV-861 | F49: =VLOOKUP(TRIM(E49),'3. Servicios TH (línea B)'!$A$8:$N$1615,5,FALSE) -> En sitio (instalaciones de la Entidad) | G49: =VLOOKUP(TRIM(E49),'3. Servicios TH (línea B)'!$A$7:$N$1615,6,FALSE) -> Grupo No.5 | H49: 1 | I49: =VLOOKUP(E49,'3. Servicios TH (línea B)'!$A$7:$N$1615,8,FALSE) -> Jornada Única | J49: =VLOOKUP(E49,'3. Servicios TH (línea B)'!$A$7:$N$1615,7,FALSE) -> Mensual | K49: =(VLOOKUP(E49,'3. Servicios TH (línea B)'!$A$7:$N$1687,9,FALSE)*H49) -> 23928723 | L49: =(VLOOKUP(E49,'3. Servicios TH (línea B)'!$A$7:$N$1687,12,FALSE)*H49) -> 23514865 | M49: =SUM(K49:L49) -> 47443587
B50: AUDIENCIAS VIRTUALES | C50: AGENTE PROMOCIÓN DEL SERVICIO Y EXPERIENCIA DEL USUARIO | D50: Nivel 2 | E50: LS02-AV-APSEU-865 | F50: =VLOOKUP(TRIM(E50),'3. Servicios TH (línea B)'!$A$8:$N$1615,5,FALSE) -> En sitio (Instalaciones de la Entidad) | G50: =VLOOKUP(TRIM(E50),'3. Servicios TH (línea B)'!$A$7:$N$1615,6,FALSE) -> Grupo No.1 | H50: 1 | I50: =VLOOKUP(E50,'3. Servicios TH (línea B)'!$A$7:$N$1615,8,FALSE) -> Jornada Única | J50: =VLOOKUP(E50,'3. Servicios TH (línea B)'!$A$7:$N$1615,7,FALSE) -> Mensual | K50: =(VLOOKUP(E50,'3. Servicios TH (línea B)'!$A$7:$N$1687,9,FALSE)*H50) -> 9266451.6 | L50: =(VLOOKUP(E50,'3. Servicios TH (línea B)'!$A$7:$N$1687,12,FALSE)*H50) -> 8910412.9 | M50: =SUM(K50:L50) -> 18176865
E51: LS02-AV-APSEU-869 | F51: =VLOOKUP(TRIM(E51),'3. Servicios TH (línea B)'!$A$8:$N$1615,5,FALSE) -> En sitio (instalaciones del contratista) | G51: =VLOOKUP(TRIM(E51),'3. Servicios TH (línea B)'!$A$7:$N$1615,6,FALSE) -> General | H51: 1 | I51: =VLOOKUP(E51,'3. Servicios TH (línea B)'!$A$7:$N$1615,8,FALSE) -> Jornada Única | J51: =VLOOKUP(E51,'3. Servicios TH (línea B)'!$A$7:$N$1615,7,FALSE) -> Mensual | K51: =(VLOOKUP(E51,'3. Servicios TH (línea B)'!$A$7:$N$1687,9,FALSE)*H51) -> 9266451.6 | L51: =(VLOOKUP(E51,'3. Servicios TH (línea B)'!$A$7:$N$1687,12,FALSE)*H51) -> 8910412.9 | M51: =SUM(K51:L51) -> 18176865
E52: LS02-AV-APSEU-873 | F52: =VLOOKUP(TRIM(E52),'3. Servicios TH (línea B)'!$A$8:$N$1615,5,FALSE) -> En sitio (Instalaciones de la Entidad) | G52: =VLOOKUP(TRIM(E52),'3. Servicios TH (línea B)'!$A$7:$N$1615,6,FALSE) -> Grupo No.2 | H52: 1 | I52: =VLOOKUP(E52,'3. Servicios TH (línea B)'!$A$7:$N$1615,8,FALSE) -> Jornada Única | J52: =VLOOKUP(E52,'3. Servicios TH (línea B)'!$A$7:$N$1615,7,FALSE) -> Mensual | K52: =(VLOOKUP(E52,'3. Servicios TH (línea B)'!$A$7:$N$1687,9,FALSE)*H52) -> 8147858.1 | L52: =(VLOOKUP(E52,'3. Servicios TH (línea B)'!$A$7:$N$1687,12,FALSE)*H52) -> 8006941.9 | M52: =SUM(K52:L52) -> 16154800
E53: LS02-AV-APSEU-877 | F53: =VLOOKUP(TRIM(E53),'3. Servicios TH (línea B)'!$A$8:$N$1615,5,FALSE) -> En sitio (instalaciones de la Entidad) | G53: =VLOOKUP(TRIM(E53),'3. Servicios TH (línea B)'!$A$7:$N$1615,6,FALSE) -> Grupo No.3 | H53: 1 | I53: =VLOOKUP(E53,'3. Servicios TH (línea B)'!$A$7:$N$1615,8,FALSE) -> Jornada Única | J53: =VLOOKUP(E53,'3. Servicios TH (línea B)'!$A$7:$N$1615,7,FALSE) -> Mensual | K53: =(VLOOKUP(E53,'3. Servicios TH (línea B)'!$A$7:$N$1687,9,FALSE)*H53) -> 8667922.6 | L53: =(VLOOKUP(E53,'3. Servicios TH (línea B)'!$A$7:$N$1687,12,FALSE)*H53) -> 8518012.9
E54: LS02-AV-APSEU-881 | F54: =VLOOKUP(TRIM(E54),'3. Servicios TH (línea B)'!$A$8:$N$1615,5,FALSE) -> En sitio (Instalaciones de la Entidad) | G54: =VLOOKUP(TRIM(E54),'3. Servicios TH (línea B)'!$A$7:$N$1615,6,FALSE) -> Grupo No.4 | H54: 1 | I54: =VLOOKUP(E54,'3. Servicios TH (línea B)'!$A$7:$N$1615,8,FALSE) -> Jornada Única | J54: =VLOOKUP(E54,'3. Servicios TH (línea B)'!$A$7:$N$1615,7,FALSE) -> Mensual | K54: =(VLOOKUP(E54,'3. Servicios TH (línea B)'!$A$7:$N$1687,9,FALSE)*H54) -> 9221200 | L54: =(VLOOKUP(E54,'3. Servicios TH (línea B)'!$A$7:$N$1687,12,FALSE)*H54) -> 9061716.1
E55: LS02-AV-APSEU-885 | F55: =VLOOKUP(TRIM(E55),'3. Servicios TH (línea B)'!$A$8:$N$1615,5,FALSE) -> En sitio (instalaciones de la Entidad) | G55: =VLOOKUP(TRIM(E55),'3. Servicios TH (línea B)'!$A$7:$N$1615,6,FALSE) -> Grupo No.5 | H55: 1 | I55: =VLOOKUP(E55,'3. Servicios TH (línea B)'!$A$7:$N$1615,8,FALSE) -> Jornada Única | J55: =VLOOKUP(E55,'3. Servicios TH (línea B)'!$A$7:$N$1615,7,FALSE) -> Mensual | K55: =(VLOOKUP(E55,'3. Servicios TH (línea B)'!$A$7:$N$1687,9,FALSE)*H55) -> 9809780.6 | L55: =(VLOOKUP(E55,'3. Servicios TH (línea B)'!$A$7:$N$1687,12,FALSE)*H55) -> 9640129 | M55: =SUM(K55:L55) -> 19449910
C56: LÍDER TÉCNICO DE AUDIENCIAS VIRTUALES, AGENDAMIENTOS Y STREAMING | D56: Nivel 2 | E56: LS02-AV-LTAVAS-889 | F56: =VLOOKUP(TRIM(E56),'3. Servicios TH (línea B)'!$A$8:$N$1615,5,FALSE) -> En sitio (Instalaciones de la Entidad) | G56: =VLOOKUP(TRIM(E56),'3. Servicios TH (línea B)'!$A$7:$N$1615,6,FALSE) -> Grupo No.1 | H56: 1 | I56: =VLOOKUP(E56,'3. Servicios TH (línea B)'!$A$7:$N$1615,8,FALSE) -> Jornada Única | J56: =VLOOKUP(E56,'3. Servicios TH (línea B)'!$A$7:$N$1615,7,FALSE) -> Mensual | K56: =(VLOOKUP(E56,'3. Servicios TH (línea B)'!$A$7:$N$1687,9,FALSE)*H56) -> 22603394 | L56: =(VLOOKUP(E56,'3. Servicios TH (línea B)'!$A$7:$N$1687,12,FALSE)*H56) -> 21734890 | M56: =SUM(K56:L56) -> 44338284
E57: LS02-AV-LTAVAS-893 | F57: =VLOOKUP(TRIM(E57),'3. Servicios TH (línea B)'!$A$8:$N$1615,5,FALSE) -> En sitio (instalaciones del contratista) | G57: =VLOOKUP(TRIM(E57),'3. Servicios TH (línea B)'!$A$7:$N$1615,6,FALSE) -> General | H57: 1 | I57: =VLOOKUP(E57,'3. Servicios TH (línea B)'!$A$7:$N$1615,8,FALSE) -> Jornada Única | J57: =VLOOKUP(E57,'3. Servicios TH (línea B)'!$A$7:$N$1615,7,FALSE) -> Mensual | K57: =(VLOOKUP(E57,'3. Servicios TH (línea B)'!$A$7:$N$1687,9,FALSE)*H57) -> 19542219 | L57: =(VLOOKUP(E57,'3. Servicios TH (línea B)'!$A$7:$N$1687,12,FALSE)*H57) -> 19204232 | M57: =SUM(K57:L57) -> 38746452
E58: LS02-AV-LTAVAS-897 | F58: =VLOOKUP(TRIM(E58),'3. Servicios TH (línea B)'!$A$8:$N$1615,5,FALSE) -> En sitio (Instalaciones de la Entidad) | G58: =VLOOKUP(TRIM(E58),'3. Servicios TH (línea B)'!$A$7:$N$1615,6,FALSE) -> Grupo No.2 | H58: 1 | I58: =VLOOKUP(E58,'3. Servicios TH (línea B)'!$A$7:$N$1615,8,FALSE) -> Jornada Única | J58: =VLOOKUP(E58,'3. Servicios TH (línea B)'!$A$7:$N$1615,7,FALSE) -> Mensual | K58: =(VLOOKUP(E58,'3. Servicios TH (línea B)'!$A$7:$N$1687,9,FALSE)*H58) -> 19874813 | L58: =(VLOOKUP(E58,'3. Servicios TH (línea B)'!$A$7:$N$1687,12,FALSE)*H58) -> 19531058 | M58: =SUM(K58:L58) -> 39405871
E59: LS02-AV-LTAVAS-901 | F59: =VLOOKUP(TRIM(E59),'3. Servicios TH (línea B)'!$A$8:$N$1615,5,FALSE) -> En sitio (instalaciones de la Entidad) | G59: =VLOOKUP(TRIM(E59),'3. Servicios TH (línea B)'!$A$7:$N$1615,6,FALSE) -> Grupo No.3 | H59: 1 | I59: =VLOOKUP(E59,'3. Servicios TH (línea B)'!$A$7:$N$1615,8,FALSE) -> Jornada Única | J59: =VLOOKUP(E59,'3. Servicios TH (línea B)'!$A$7:$N$1615,7,FALSE) -> Mensual | K59: =(VLOOKUP(E59,'3. Servicios TH (línea B)'!$A$7:$N$1687,9,FALSE)*H59) -> 21143432 | L59: =(VLOOKUP(E59,'3. Servicios TH (línea B)'!$A$7:$N$1687,12,FALSE)*H59) -> 20777742
E60: LS02-AV-LTAVAS-905 | F60: =VLOOKUP(TRIM(E60),'3. Servicios TH (línea B)'!$A$8:$N$1615,5,FALSE) -> En sitio (Instalaciones de la Entidad) | G60: =VLOOKUP(TRIM(E60),'3. Servicios TH (línea B)'!$A$7:$N$1615,6,FALSE) -> Grupo No.4 | H60: 1 | I60: =VLOOKUP(E60,'3. Servicios TH (línea B)'!$A$7:$N$1615,8,FALSE) -> Jornada Única | J60: =VLOOKUP(E60,'3. Servicios TH (línea B)'!$A$7:$N$1615,7,FALSE) -> Mensual | K60: =(VLOOKUP(E60,'3. Servicios TH (línea B)'!$A$7:$N$1687,9,FALSE)*H60) -> 22493032 | L60: =(VLOOKUP(E60,'3. Servicios TH (línea B)'!$A$7:$N$1687,12,FALSE)*H60) -> 22104000
E61: LS02-AV-LTAVAS-909 | F61: =VLOOKUP(TRIM(E61),'3. Servicios TH (línea B)'!$A$8:$N$1615,5,FALSE) -> En sitio (instalaciones de la Entidad) | G61: =VLOOKUP(TRIM(E61),'3. Servicios TH (línea B)'!$A$7:$N$1615,6,FALSE) -> Grupo No.5 | H61: 1 | I61: =VLOOKUP(E61,'3. Servicios TH (línea B)'!$A$7:$N$1615,8,FALSE) -> Jornada Única | J61: =VLOOKUP(E61,'3. Servicios TH (línea B)'!$A$7:$N$1615,7,FALSE) -> Mensual | K61: =(VLOOKUP(E61,'3. Servicios TH (línea B)'!$A$7:$N$1687,9,FALSE)*H61) -> 23928723 | L61: =(VLOOKUP(E61,'3. Servicios TH (línea B)'!$A$7:$N$1687,12,FALSE)*H61) -> 23514865 | M61: =SUM(K61:L61) -> 47443587
C62: COORDINADOR DE STREAMING | D62: Nivel 2 | E62: LS02-AV-CSTRE-913 | F62: =VLOOKUP(TRIM(E62),'3. Servicios TH (línea B)'!$A$8:$N$1615,5,FALSE) -> En sitio (Instalaciones de la Entidad) | G62: =VLOOKUP(TRIM(E62),'3. Servicios TH (línea B)'!$A$7:$N$1615,6,FALSE) -> Grupo No.1 | H62: 1 | I62: =VLOOKUP(E62,'3. Servicios TH (línea B)'!$A$7:$N$1615,8,FALSE) -> Jornada Única | J62: =VLOOKUP(E62,'3. Servicios TH (línea B)'!$A$7:$N$1615,7,FALSE) -> Mensual | K62: =(VLOOKUP(E62,'3. Servicios TH (línea B)'!$A$7:$N$1687,9,FALSE)*H62) -> 15576219 | L62: =(VLOOKUP(E62,'3. Servicios TH (línea B)'!$A$7:$N$1687,12,FALSE)*H62) -> 14977729 | M62: =SUM(K62:L62) -> 30553948
E63: LS02-AV-CSTRE-917 | F63: =VLOOKUP(TRIM(E63),'3. Servicios TH (línea B)'!$A$8:$N$1615,5,FALSE) -> En sitio (instalaciones del contratista) | G63: =VLOOKUP(TRIM(E63),'3. Servicios TH (línea B)'!$A$7:$N$1615,6,FALSE) -> General | H63: 1 | I63: =VLOOKUP(E63,'3. Servicios TH (línea B)'!$A$7:$N$1615,8,FALSE) -> Jornada Única | J63: =VLOOKUP(E63,'3. Servicios TH (línea B)'!$A$7:$N$1615,7,FALSE) -> Mensual | K63: =(VLOOKUP(E63,'3. Servicios TH (línea B)'!$A$7:$N$1687,9,FALSE)*H63) -> 14507613 | L63: =(VLOOKUP(E63,'3. Servicios TH (línea B)'!$A$7:$N$1687,12,FALSE)*H63) -> 14256697 | M63: =SUM(K63:L63) -> 28764310
E64: LS02-AV-CSTRE-921 | F64: =VLOOKUP(TRIM(E64),'3. Servicios TH (línea B)'!$A$8:$N$1615,5,FALSE) -> En sitio (Instalaciones de la Entidad) | G64: =VLOOKUP(TRIM(E64),'3. Servicios TH (línea B)'!$A$7:$N$1615,6,FALSE) -> Grupo No.2 | H64: 1 | I64: =VLOOKUP(E64,'3. Servicios TH (línea B)'!$A$7:$N$1615,8,FALSE) -> Jornada Única | J64: =VLOOKUP(E64,'3. Servicios TH (línea B)'!$A$7:$N$1615,7,FALSE) -> Mensual | K64: =(VLOOKUP(E64,'3. Servicios TH (línea B)'!$A$7:$N$1687,9,FALSE)*H64) -> 13695923 | L64: =(VLOOKUP(E64,'3. Servicios TH (línea B)'!$A$7:$N$1687,12,FALSE)*H64) -> 13459045 | M64: =SUM(K64:L64) -> 27154968
E65: LS02-AV-CSTRE-925 | F65: =VLOOKUP(TRIM(E65),'3. Servicios TH (línea B)'!$A$8:$N$1615,5,FALSE) -> En sitio (instalaciones de la Entidad) | G65: =VLOOKUP(TRIM(E65),'3. Servicios TH (línea B)'!$A$7:$N$1615,6,FALSE) -> Grupo No.3 | H65: 1 | I65: =VLOOKUP(E65,'3. Servicios TH (línea B)'!$A$7:$N$1615,8,FALSE) -> Jornada Única | J65: =VLOOKUP(E65,'3. Servicios TH (línea B)'!$A$7:$N$1615,7,FALSE) -> Mensual | K65: =(VLOOKUP(E65,'3. Servicios TH (línea B)'!$A$7:$N$1687,9,FALSE)*H65) -> 14570206 | L65: =(VLOOKUP(E65,'3. Servicios TH (línea B)'!$A$7:$N$1687,12,FALSE)*H65) -> 14318206
E66: LS02-AV-CSTRE-929 | F66: =VLOOKUP(TRIM(E66),'3. Servicios TH (línea B)'!$A$8:$N$1615,5,FALSE) -> En sitio (Instalaciones de la Entidad) | G66: =VLOOKUP(TRIM(E66),'3. Servicios TH (línea B)'!$A$7:$N$1615,6,FALSE) -> Grupo No.4 | H66: 1 | I66: =VLOOKUP(E66,'3. Servicios TH (línea B)'!$A$7:$N$1615,8,FALSE) -> Jornada Única | J66: =VLOOKUP(E66,'3. Servicios TH (línea B)'!$A$7:$N$1615,7,FALSE) -> Mensual | K66: =(VLOOKUP(E66,'3. Servicios TH (línea B)'!$A$7:$N$1687,9,FALSE)*H66) -> 15500116 | L66: =(VLOOKUP(E66,'3. Servicios TH (línea B)'!$A$7:$N$1687,12,FALSE)*H66) -> 15232026
E67: LS02-AV-CSTRE-933 | F67: =VLOOKUP(TRIM(E67),'3. Servicios TH (línea B)'!$A$8:$N$1615,5,FALSE) -> En sitio (instalaciones de la Entidad) | G67: =VLOOKUP(TRIM(E67),'3. Servicios TH (línea B)'!$A$7:$N$1615,6,FALSE) -> Grupo No.5 | H67: 1 | I67: =VLOOKUP(E67,'3. Servicios TH (línea B)'!$A$7:$N$1615,8,FALSE) -> Jornada Única | J67: =VLOOKUP(E67,'3. Servicios TH (línea B)'!$A$7:$N$1615,7,FALSE) -> Mensual | K67: =(VLOOKUP(E67,'3. Servicios TH (línea B)'!$A$7:$N$1687,9,FALSE)*H67) -> 16489523 | L67: =(VLOOKUP(E67,'3. Servicios TH (línea B)'!$A$7:$N$1687,12,FALSE)*H67) -> 16204323 | M67: =SUM(K67:L67) -> 32693845
C68: INTÉRPRETE DE LENGUAJE DE SEÑAS | D68: Nivel 2 | E68: LS02-AV-ILS-937 | F68: =VLOOKUP(TRIM(E68),'3. Servicios TH (línea B)'!$A$8:$N$1615,5,FALSE) -> En sitio (Instalaciones de la Entidad) | G68: =VLOOKUP(TRIM(E68),'3. Servicios TH (línea B)'!$A$7:$N$1615,6,FALSE) -> Grupo No.1 | H68: 1 | I68: =VLOOKUP(E68,'3. Servicios TH (línea B)'!$A$7:$N$1615,8,FALSE) -> Jornada Única | J68: =VLOOKUP(E68,'3. Servicios TH (línea B)'!$A$7:$N$1615,7,FALSE) -> Mensual | K68: =(VLOOKUP(E68,'3. Servicios TH (línea B)'!$A$7:$N$1687,9,FALSE)*H68) -> 9266451.6 | L68: =(VLOOKUP(E68,'3. Servicios TH (línea B)'!$A$7:$N$1687,12,FALSE)*H68) -> 8910412.9 | M68: =SUM(K68:L68) -> 18176865
E69: LS02-AV-ILS-941 | F69: =VLOOKUP(TRIM(E69),'3. Servicios TH (línea B)'!$A$8:$N$1615,5,FALSE) -> En sitio (instalaciones del contratista) | G69: =VLOOKUP(TRIM(E69),'3. Servicios TH (línea B)'!$A$7:$N$1615,6,FALSE) -> General | H69: 1 | I69: =VLOOKUP(E69,'3. Servicios TH (línea B)'!$A$7:$N$1615,8,FALSE) -> Jornada Única | J69: =VLOOKUP(E69,'3. Servicios TH (línea B)'!$A$7:$N$1615,7,FALSE) -> Mensual | K69: =(VLOOKUP(E69,'3. Servicios TH (línea B)'!$A$7:$N$1687,9,FALSE)*H69) -> 8396580.6 | L69: =(VLOOKUP(E69,'3. Servicios TH (línea B)'!$A$7:$N$1687,12,FALSE)*H69) -> 8251354.8 | M69: =SUM(K69:L69) -> 16647935
E70: LS02-AV-ILS-945 | F70: =VLOOKUP(TRIM(E70),'3. Servicios TH (línea B)'!$A$8:$N$1615,5,FALSE) -> En sitio (Instalaciones de la Entidad) | G70: =VLOOKUP(TRIM(E70),'3. Servicios TH (línea B)'!$A$7:$N$1615,6,FALSE) -> Grupo No.2 | H70: 1 | I70: =VLOOKUP(E70,'3. Servicios TH (línea B)'!$A$7:$N$1615,8,FALSE) -> Jornada Única | J70: =VLOOKUP(E70,'3. Servicios TH (línea B)'!$A$7:$N$1615,7,FALSE) -> Mensual | K70: =(VLOOKUP(E70,'3. Servicios TH (línea B)'!$A$7:$N$1687,9,FALSE)*H70) -> 8147858.1 | L70: =(VLOOKUP(E70,'3. Servicios TH (línea B)'!$A$7:$N$1687,12,FALSE)*H70) -> 8006941.9 | M70: =SUM(K70:L70) -> 16154800
E71: LS02-AV-ILS-949 | F71: =VLOOKUP(TRIM(E71),'3. Servicios TH (línea B)'!$A$8:$N$1615,5,FALSE) -> En sitio (instalaciones de la Entidad) | G71: =VLOOKUP(TRIM(E71),'3. Servicios TH (línea B)'!$A$7:$N$1615,6,FALSE) -> Grupo No.3 | H71: 1 | I71: =VLOOKUP(E71,'3. Servicios TH (línea B)'!$A$7:$N$1615,8,FALSE) -> Jornada Única | J71: =VLOOKUP(E71,'3. Servicios TH (línea B)'!$A$7:$N$1615,7,FALSE) -> Mensual | K71: =(VLOOKUP(E71,'3. Servicios TH (línea B)'!$A$7:$N$1687,9,FALSE)*H71) -> 8667922.6 | L71: =(VLOOKUP(E71,'3. Servicios TH (línea B)'!$A$7:$N$1687,12,FALSE)*H71) -> 8518012.9
E72: LS02-AV-ILS-953 | F72: =VLOOKUP(TRIM(E72),'3. Servicios TH (línea B)'!$A$8:$N$1615,5,FALSE) -> En sitio (Instalaciones de la Entidad) | G72: =VLOOKUP(TRIM(E72),'3. Servicios TH (línea B)'!$A$7:$N$1615,6,FALSE) -> Grupo No.4 | H72: 1 | I72: =VLOOKUP(E72,'3. Servicios TH (línea B)'!$A$7:$N$1615,8,FALSE) -> Jornada Única | J72: =VLOOKUP(E72,'3. Servicios TH (línea B)'!$A$7:$N$1615,7,FALSE) -> Mensual | K72: =(VLOOKUP(E72,'3. Servicios TH (línea B)'!$A$7:$N$1687,9,FALSE)*H72) -> 9221200 | L72: =(VLOOKUP(E72,'3. Servicios TH (línea B)'!$A$7:$N$1687,12,FALSE)*H72) -> 9061716.1
E73: LS02-AV-ILS-957 | F73: =VLOOKUP(TRIM(E73),'3. Servicios TH (línea B)'!$A$8:$N$1615,5,FALSE) -> En sitio (instalaciones de la Entidad) | G73: =VLOOKUP(TRIM(E73),'3. Servicios TH (línea B)'!$A$7:$N$1615,6,FALSE) -> Grupo No.5 | H73: 1 | I73: =VLOOKUP(E73,'3. Servicios TH (línea B)'!$A$7:$N$1615,8,FALSE) -> Jornada Única | J73: =VLOOKUP(E73,'3. Servicios TH (línea B)'!$A$7:$N$1615,7,FALSE) -> Mensual | K73: =(VLOOKUP(E73,'3. Servicios TH (línea B)'!$A$7:$N$1687,9,FALSE)*H73) -> 9809780.6 | L73: =(VLOOKUP(E73,'3. Servicios TH (línea B)'!$A$7:$N$1687,12,FALSE)*H73) -> 9640129 | M73: =SUM(K73:L73) -> 19449910
C74: AGENTE ESPECIALISTA EN AUDIENCIAS VIRTUALES | D74: Nivel 2 | E74: LS02-AV-AEAV-961 | F74: =VLOOKUP(TRIM(E74),'3. Servicios TH (línea B)'!$A$8:$N$1615,5,FALSE) -> En sitio (Instalaciones de la Entidad) | G74: =VLOOKUP(TRIM(E74),'3. Servicios TH (línea B)'!$A$7:$N$1615,6,FALSE) -> Grupo No.1 | H74: 1 | I74: =VLOOKUP(E74,'3. Servicios TH (línea B)'!$A$7:$N$1615,8,FALSE) -> Jornada Única | J74: =VLOOKUP(E74,'3. Servicios TH (línea B)'!$A$7:$N$1615,7,FALSE) -> Mensual | K74: =(VLOOKUP(E74,'3. Servicios TH (línea B)'!$A$7:$N$1687,9,FALSE)*H74) -> 9266451.6 | L74: =(VLOOKUP(E74,'3. Servicios TH (línea B)'!$A$7:$N$1687,12,FALSE)*H74) -> 8910412.9 | M74: =SUM(K74:L74) -> 18176865
E75: LS02-AV-AEAV-965 | F75: =VLOOKUP(TRIM(E75),'3. Servicios TH (línea B)'!$A$8:$N$1615,5,FALSE) -> En sitio (instalaciones del contratista) | G75: =VLOOKUP(TRIM(E75),'3. Servicios TH (línea B)'!$A$7:$N$1615,6,FALSE) -> General | H75: 1 | I75: =VLOOKUP(E75,'3. Servicios TH (línea B)'!$A$7:$N$1615,8,FALSE) -> Jornada Única | J75: =VLOOKUP(E75,'3. Servicios TH (línea B)'!$A$7:$N$1615,7,FALSE) -> Mensual | K75: =(VLOOKUP(E75,'3. Servicios TH (línea B)'!$A$7:$N$1687,9,FALSE)*H75) -> 8396580.6 | L75: =(VLOOKUP(E75,'3. Servicios TH (línea B)'!$A$7:$N$1687,12,FALSE)*H75) -> 8251354.8 | M75: =SUM(K75:L75) -> 16647935
E76: LS02-AV-AEAV-969 | F76: =VLOOKUP(TRIM(E76),'3. Servicios TH (línea B)'!$A$8:$N$1615,5,FALSE) -> En sitio (Instalaciones de la Entidad) | G76: =VLOOKUP(TRIM(E76),'3. Servicios TH (línea B)'!$A$7:$N$1615,6,FALSE) -> Grupo No.2 | H76: 1 | I76: =VLOOKUP(E76,'3. Servicios TH (línea B)'!$A$7:$N$1615,8,FALSE) -> Jornada Única | J76: =VLOOKUP(E76,'3. Servicios TH (línea B)'!$A$7:$N$1615,7,FALSE) -> Mensual | K76: =(VLOOKUP(E76,'3. Servicios TH (línea B)'!$A$7:$N$1687,9,FALSE)*H76) -> 8147858.1 | L76: =(VLOOKUP(E76,'3. Servicios TH (línea B)'!$A$7:$N$1687,12,FALSE)*H76) -> 8006941.9 | M76: =SUM(K76:L76) -> 16154800
E77: LS02-AV-AEAV-973 | F77: =VLOOKUP(TRIM(E77),'3. Servicios TH (línea B)'!$A$8:$N$1615,5,FALSE) -> En sitio (instalaciones de la Entidad) | G77: =VLOOKUP(TRIM(E77),'3. Servicios TH (línea B)'!$A$7:$N$1615,6,FALSE) -> Grupo No.3 | H77: 1 | I77: =VLOOKUP(E77,'3. Servicios TH (línea B)'!$A$7:$N$1615,8,FALSE) -> Jornada Única | J77: =VLOOKUP(E77,'3. Servicios TH (línea B)'!$A$7:$N$1615,7,FALSE) -> Mensual | K77: =(VLOOKUP(E77,'3. Servicios TH (línea B)'!$A$7:$N$1687,9,FALSE)*H77) -> 8667922.6 | L77: =(VLOOKUP(E77,'3. Servicios TH (línea B)'!$A$7:$N$1687,12,FALSE)*H77) -> 8518012.9
E78: LS02-AV-AEAV-977 | F78: =VLOOKUP(TRIM(E78),'3. Servicios TH (línea B)'!$A$8:$N$1615,5,FALSE) -> En sitio (Instalaciones de la Entidad) | G78: =VLOOKUP(TRIM(E78),'3. Servicios TH (línea B)'!$A$7:$N$1615,6,FALSE) -> Grupo No.4 | H78: 1 | I78: =VLOOKUP(E78,'3. Servicios TH (línea B)'!$A$7:$N$1615,8,FALSE) -> Jornada Única | J78: =VLOOKUP(E78,'3. Servicios TH (línea B)'!$A$7:$N$1615,7,FALSE) -> Mensual | K78: =(VLOOKUP(E78,'3. Servicios TH (línea B)'!$A$7:$N$1687,9,FALSE)*H78) -> 9221200 | L78: =(VLOOKUP(E78,'3. Servicios TH (línea B)'!$A$7:$N$1687,12,FALSE)*H78) -> 9061716.1
E79: LS02-AV-AEAV-981 | F79: =VLOOKUP(TRIM(E79),'3. Servicios TH (línea B)'!$A$8:$N$1615,5,FALSE) -> En sitio (instalaciones de la Entidad) | G79: =VLOOKUP(TRIM(E79),'3. Servicios TH (línea B)'!$A$7:$N$1615,6,FALSE) -> Grupo No.5 | H79: 1 | I79: =VLOOKUP(E79,'3. Servicios TH (línea B)'!$A$7:$N$1615,8,FALSE) -> Jornada Única | J79: =VLOOKUP(E79,'3. Servicios TH (línea B)'!$A$7:$N$1615,7,FALSE) -> Mensual | K79: =(VLOOKUP(E79,'3. Servicios TH (línea B)'!$A$7:$N$1687,9,FALSE)*H79) -> 9809780.6 | L79: =(VLOOKUP(E79,'3. Servicios TH (línea B)'!$A$7:$N$1687,12,FALSE)*H79) -> 9640129 | M79: =SUM(K79:L79) -> 19449910
C80: ASISTENTE DE SOPORTE TÉCNICO DE AGENDAMIENTO | D80: Nivel 2 | E80: LS02-AV-ASTA-985 | F80: =VLOOKUP(TRIM(E80),'3. Servicios TH (línea B)'!$A$8:$N$1615,5,FALSE) -> En sitio (Instalaciones de la Entidad) | G80: =VLOOKUP(TRIM(E80),'3. Servicios TH (línea B)'!$A$7:$N$1615,6,FALSE) -> Grupo No.1 | H80: 1 | I80: =VLOOKUP(E80,'3. Servicios TH (línea B)'!$A$7:$N$1615,8,FALSE) -> Jornada Única | J80: =VLOOKUP(E80,'3. Servicios TH (línea B)'!$A$7:$N$1615,7,FALSE) -> Mensual | K80: =(VLOOKUP(E80,'3. Servicios TH (línea B)'!$A$7:$N$1687,9,FALSE)*H80) -> 6806890.3 | L80: =(VLOOKUP(E80,'3. Servicios TH (línea B)'!$A$7:$N$1687,12,FALSE)*H80) -> 6545367.7 | M80: =SUM(K80:L80) -> 13352258
E81: LS02-AV-ASTA-989 | F81: =VLOOKUP(TRIM(E81),'3. Servicios TH (línea B)'!$A$8:$N$1615,5,FALSE) -> En sitio (instalaciones del contratista) | G81: =VLOOKUP(TRIM(E81),'3. Servicios TH (línea B)'!$A$7:$N$1615,6,FALSE) -> General | H81: 1 | I81: =VLOOKUP(E81,'3. Servicios TH (línea B)'!$A$7:$N$1615,8,FALSE) -> Jornada Única | J81: =VLOOKUP(E81,'3. Servicios TH (línea B)'!$A$7:$N$1615,7,FALSE) -> Mensual | K81: =(VLOOKUP(E81,'3. Servicios TH (línea B)'!$A$7:$N$1687,9,FALSE)*H81) -> 6339858.1 | L81: =(VLOOKUP(E81,'3. Servicios TH (línea B)'!$A$7:$N$1687,12,FALSE)*H81) -> 6230219.4 | M81: =SUM(K81:L81) -> 12570077
E82: LS02-AV-ASTA-993 | F82: =VLOOKUP(TRIM(E82),'3. Servicios TH (línea B)'!$A$8:$N$1615,5,FALSE) -> En sitio (Instalaciones de la Entidad) | G82: =VLOOKUP(TRIM(E82),'3. Servicios TH (línea B)'!$A$7:$N$1615,6,FALSE) -> Grupo No.2 | H82: 1 | I82: =VLOOKUP(E82,'3. Servicios TH (línea B)'!$A$7:$N$1615,8,FALSE) -> Jornada Única | J82: =VLOOKUP(E82,'3. Servicios TH (línea B)'!$A$7:$N$1615,7,FALSE) -> Mensual | K82: =(VLOOKUP(E82,'3. Servicios TH (línea B)'!$A$7:$N$1687,9,FALSE)*H82) -> 5985161.3 | L82: =(VLOOKUP(E82,'3. Servicios TH (línea B)'!$A$7:$N$1687,12,FALSE)*H82) -> 5881651.6 | M82: =SUM(K82:L82) -> 11866813
E83: LS02-AV-ASTA-997 | F83: =VLOOKUP(TRIM(E83),'3. Servicios TH (línea B)'!$A$8:$N$1615,5,FALSE) -> En sitio (instalaciones de la Entidad) | G83: =VLOOKUP(TRIM(E83),'3. Servicios TH (línea B)'!$A$7:$N$1615,6,FALSE) -> Grupo No.3 | H83: 1 | I83: =VLOOKUP(E83,'3. Servicios TH (línea B)'!$A$7:$N$1615,8,FALSE) -> Jornada Única | J83: =VLOOKUP(E83,'3. Servicios TH (línea B)'!$A$7:$N$1615,7,FALSE) -> Mensual | K83: =(VLOOKUP(E83,'3. Servicios TH (línea B)'!$A$7:$N$1687,9,FALSE)*H83) -> 6367238.7 | L83: =(VLOOKUP(E83,'3. Servicios TH (línea B)'!$A$7:$N$1687,12,FALSE)*H83) -> 6257109.7
E84: LS02-AV-ASTA-1001 | F84: =VLOOKUP(TRIM(E84),'3. Servicios TH (línea B)'!$A$8:$N$1615,5,FALSE) -> En sitio (Instalaciones de la Entidad) | G84: =VLOOKUP(TRIM(E84),'3. Servicios TH (línea B)'!$A$7:$N$1615,6,FALSE) -> Grupo No.4 | H84: 1 | I84: =VLOOKUP(E84,'3. Servicios TH (línea B)'!$A$7:$N$1615,8,FALSE) -> Jornada Única | J84: =VLOOKUP(E84,'3. Servicios TH (línea B)'!$A$7:$N$1615,7,FALSE) -> Mensual | K84: =(VLOOKUP(E84,'3. Servicios TH (línea B)'!$A$7:$N$1687,9,FALSE)*H84) -> 6773703.2 | L84: =(VLOOKUP(E84,'3. Servicios TH (línea B)'!$A$7:$N$1687,12,FALSE)*H84) -> 6656554.8
E85: LS02-AV-ASTA-1005 | F85: =VLOOKUP(TRIM(E85),'3. Servicios TH (línea B)'!$A$8:$N$1615,5,FALSE) -> En sitio (instalaciones de la Entidad) | G85: =VLOOKUP(TRIM(E85),'3. Servicios TH (línea B)'!$A$7:$N$1615,6,FALSE) -> Grupo No.5 | H85: 1 | I85: =VLOOKUP(E85,'3. Servicios TH (línea B)'!$A$7:$N$1615,8,FALSE) -> Jornada Única | J85: =VLOOKUP(E85,'3. Servicios TH (línea B)'!$A$7:$N$1615,7,FALSE) -> Mensual | K85: =(VLOOKUP(E85,'3. Servicios TH (línea B)'!$A$7:$N$1687,9,FALSE)*H85) -> 7206051.6 | L85: =(VLOOKUP(E85,'3. Servicios TH (línea B)'!$A$7:$N$1687,12,FALSE)*H85) -> 7081419.4 | M85: =SUM(K85:L85) -> 14287471
C86: AGENTE DE SOPORTE TÉCNICO | D86: Nivel 2 | E86: LS02-AV-AST-1009 | F86: =VLOOKUP(TRIM(E86),'3. Servicios TH (línea B)'!$A$8:$N$1615,5,FALSE) -> En sitio (Instalaciones de la Entidad) | G86: =VLOOKUP(TRIM(E86),'3. Servicios TH (línea B)'!$A$7:$N$1615,6,FALSE) -> Grupo No.1 | H86: 1 | I86: =VLOOKUP(E86,'3. Servicios TH (línea B)'!$A$7:$N$1615,8,FALSE) -> Jornada Única | J86: =VLOOKUP(E86,'3. Servicios TH (línea B)'!$A$7:$N$1615,7,FALSE) -> Mensual | K86: =(VLOOKUP(E86,'3. Servicios TH (línea B)'!$A$7:$N$1687,9,FALSE)*H86) -> 6806890.3 | L86: =(VLOOKUP(E86,'3. Servicios TH (línea B)'!$A$7:$N$1687,12,FALSE)*H86) -> 6545367.7 | M86: =SUM(K86:L86) -> 13352258
E87: LS02-AV-AST-1013 | F87: =VLOOKUP(TRIM(E87),'3. Servicios TH (línea B)'!$A$8:$N$1615,5,FALSE) -> En sitio (instalaciones del contratista) | G87: =VLOOKUP(TRIM(E87),'3. Servicios TH (línea B)'!$A$7:$N$1615,6,FALSE) -> General | H87: 1 | I87: =VLOOKUP(E87,'3. Servicios TH (línea B)'!$A$7:$N$1615,8,FALSE) -> Jornada Única | J87: =VLOOKUP(E87,'3. Servicios TH (línea B)'!$A$7:$N$1615,7,FALSE) -> Mensual | K87: =(VLOOKUP(E87,'3. Servicios TH (línea B)'!$A$7:$N$1687,9,FALSE)*H87) -> 6339909.7 | L87: =(VLOOKUP(E87,'3. Servicios TH (línea B)'!$A$7:$N$1687,12,FALSE)*H87) -> 6230258.1 | M87: =SUM(K87:L87) -> 12570168
E88: LS02-AV-AST-1017 | F88: =VLOOKUP(TRIM(E88),'3. Servicios TH (línea B)'!$A$8:$N$1615,5,FALSE) -> En sitio (Instalaciones de la Entidad) | G88: =VLOOKUP(TRIM(E88),'3. Servicios TH (línea B)'!$A$7:$N$1615,6,FALSE) -> Grupo No.2 | H88: 1 | I88: =VLOOKUP(E88,'3. Servicios TH (línea B)'!$A$7:$N$1615,8,FALSE) -> Jornada Única | J88: =VLOOKUP(E88,'3. Servicios TH (línea B)'!$A$7:$N$1615,7,FALSE) -> Mensual | K88: =(VLOOKUP(E88,'3. Servicios TH (línea B)'!$A$7:$N$1687,9,FALSE)*H88) -> 5985212.9 | L88: =(VLOOKUP(E88,'3. Servicios TH (línea B)'!$A$7:$N$1687,12,FALSE)*H88) -> 5881703.2 | M88: =SUM(K88:L88) -> 11866916
E89: LS02-AV-AST-1021 | F89: =VLOOKUP(TRIM(E89),'3. Servicios TH (línea B)'!$A$8:$N$1615,5,FALSE) -> En sitio (instalaciones de la Entidad) | G89: =VLOOKUP(TRIM(E89),'3. Servicios TH (línea B)'!$A$7:$N$1615,6,FALSE) -> Grupo No.3 | H89: 1 | I89: =VLOOKUP(E89,'3. Servicios TH (línea B)'!$A$7:$N$1615,8,FALSE) -> Jornada Única | J89: =VLOOKUP(E89,'3. Servicios TH (línea B)'!$A$7:$N$1615,7,FALSE) -> Mensual | K89: =(VLOOKUP(E89,'3. Servicios TH (línea B)'!$A$7:$N$1687,9,FALSE)*H89) -> 6367251.6 | L89: =(VLOOKUP(E89,'3. Servicios TH (línea B)'!$A$7:$N$1687,12,FALSE)*H89) -> 6257122.6
E90: LS02-AV-AST-1025 | F90: =VLOOKUP(TRIM(E90),'3. Servicios TH (línea B)'!$A$8:$N$1615,5,FALSE) -> En sitio (Instalaciones de la Entidad) | G90: =VLOOKUP(TRIM(E90),'3. Servicios TH (línea B)'!$A$7:$N$1615,6,FALSE) -> Grupo No.4 | H90: 1 | I90: =VLOOKUP(E90,'3. Servicios TH (línea B)'!$A$7:$N$1615,8,FALSE) -> Jornada Única | J90: =VLOOKUP(E90,'3. Servicios TH (línea B)'!$A$7:$N$1615,7,FALSE) -> Mensual | K90: =(VLOOKUP(E90,'3. Servicios TH (línea B)'!$A$7:$N$1687,9,FALSE)*H90) -> 6773664.5 | L90: =(VLOOKUP(E90,'3. Servicios TH (línea B)'!$A$7:$N$1687,12,FALSE)*H90) -> 6656516.1
E91: LS02-AV-AST-1029 | F91: =VLOOKUP(TRIM(E91),'3. Servicios TH (línea B)'!$A$8:$N$1615,5,FALSE) -> En sitio (instalaciones de la Entidad) | G91: =VLOOKUP(TRIM(E91),'3. Servicios TH (línea B)'!$A$7:$N$1615,6,FALSE) -> Grupo No.5 | H91: 1 | I91: =VLOOKUP(E91,'3. Servicios TH (línea B)'!$A$7:$N$1615,8,FALSE) -> Jornada Única | J91: =VLOOKUP(E91,'3. Servicios TH (línea B)'!$A$7:$N$1615,7,FALSE) -> Mensual | K91: =(VLOOKUP(E91,'3. Servicios TH (línea B)'!$A$7:$N$1687,9,FALSE)*H91) -> 7206012.9 | L91: =(VLOOKUP(E91,'3. Servicios TH (línea B)'!$A$7:$N$1687,12,FALSE)*H91) -> 7081380.6
C92: AGENTE DE SOPORTE TÉCNICO STREAMING | D92: Nivel 2 | E92: LS02-AV-ASTS-1681 | F92: =VLOOKUP(TRIM(E92),'3. Servicios TH (línea B)'!$A$8:$N$1687,5,FALSE) -> En sitio (Instalaciones de la Entidad) | G92: =VLOOKUP(TRIM(E92),'3. Servicios TH (línea B)'!$A$7:$N$1687,6,FALSE) -> Grupo No.1 | H92: 1 | I92: =VLOOKUP(E92,'3. Servicios TH (línea B)'!$A$7:$N$1687,8,FALSE) -> Jornada Única | J92: =VLOOKUP(E92,'3. Servicios TH (línea B)'!$A$7:$N$1687,7,FALSE) -> Mensual | K92: =(VLOOKUP(E92,'3. Servicios TH (línea B)'!$A$7:$N$1687,9,FALSE)*H92) -> 9266451.6 | L92: =(VLOOKUP(E92,'3. Servicios TH (línea B)'!$A$7:$N$1687,12,FALSE)*H92) -> 8910412.9
E93: LS02-AV-ASTS-1685 | F93: =VLOOKUP(TRIM(E93),'3. Servicios TH (línea B)'!$A$8:$N$1687,5,FALSE) -> En sitio (instalaciones del contratista) | G93: =VLOOKUP(TRIM(E93),'3. Servicios TH (línea B)'!$A$7:$N$1687,6,FALSE) -> General | H93: 1 | I93: =VLOOKUP(E93,'3. Servicios TH (línea B)'!$A$7:$N$1687,8,FALSE) -> Jornada Única | J93: =VLOOKUP(E93,'3. Servicios TH (línea B)'!$A$7:$N$1687,7,FALSE) -> Mensual | K93: =(VLOOKUP(E93,'3. Servicios TH (línea B)'!$A$7:$N$1687,9,FALSE)*H93) -> 8310593.5 | L93: =(VLOOKUP(E93,'3. Servicios TH (línea B)'!$A$7:$N$1687,12,FALSE)*H93) -> 8166851.6
E94: LS02-AV-ASTS-1689 | F94: =VLOOKUP(TRIM(E94),'3. Servicios TH (línea B)'!$A$8:$N$1687,5,FALSE) -> En sitio (Instalaciones de la Entidad) | G94: =VLOOKUP(TRIM(E94),'3. Servicios TH (línea B)'!$A$7:$N$1687,6,FALSE) -> Grupo No.2 | H94: 1 | I94: =VLOOKUP(E94,'3. Servicios TH (línea B)'!$A$7:$N$1687,8,FALSE) -> Jornada Única | J94: =VLOOKUP(E94,'3. Servicios TH (línea B)'!$A$7:$N$1687,7,FALSE) -> Mensual | K94: =(VLOOKUP(E94,'3. Servicios TH (línea B)'!$A$7:$N$1687,9,FALSE)*H94) -> 8147871 | L94: =(VLOOKUP(E94,'3. Servicios TH (línea B)'!$A$7:$N$1687,12,FALSE)*H94) -> 8006941.9
E95: LS02-AV-ASTS-1693 | F95: =VLOOKUP(TRIM(E95),'3. Servicios TH (línea B)'!$A$8:$N$1687,5,FALSE) -> En sitio (instalaciones de la Entidad) | G95: =VLOOKUP(TRIM(E95),'3. Servicios TH (línea B)'!$A$7:$N$1687,6,FALSE) -> Grupo No.3 | H95: 1 | I95: =VLOOKUP(E95,'3. Servicios TH (línea B)'!$A$7:$N$1687,8,FALSE) -> Jornada Única | J95: =VLOOKUP(E95,'3. Servicios TH (línea B)'!$A$7:$N$1687,7,FALSE) -> Mensual | K95: =(VLOOKUP(E95,'3. Servicios TH (línea B)'!$A$7:$N$1687,9,FALSE)*H95) -> 8667922.6 | L95: =(VLOOKUP(E95,'3. Servicios TH (línea B)'!$A$7:$N$1687,12,FALSE)*H95) -> 8518012.9
E96: LS02-AV-ASTS-1697 | F96: =VLOOKUP(TRIM(E96),'3. Servicios TH (línea B)'!$A$8:$N$1687,5,FALSE) -> En sitio (Instalaciones de la Entidad) | G96: =VLOOKUP(TRIM(E96),'3. Servicios TH (línea B)'!$A$7:$N$1687,6,FALSE) -> Grupo No.4 | H96: 1 | I96: =VLOOKUP(E96,'3. Servicios TH (línea B)'!$A$7:$N$1687,8,FALSE) -> Jornada Única | J96: =VLOOKUP(E96,'3. Servicios TH (línea B)'!$A$7:$N$1687,7,FALSE) -> Mensual | K96: =(VLOOKUP(E96,'3. Servicios TH (línea B)'!$A$7:$N$1687,9,FALSE)*H96) -> 9221200 | L96: =(VLOOKUP(E96,'3. Servicios TH (línea B)'!$A$7:$N$1687,12,FALSE)*H96) -> 9061716.1
E97: LS02-AV-ASTS-1701 | F97: =VLOOKUP(TRIM(E97),'3. Servicios TH (línea B)'!$A$8:$N$1687,5,FALSE) -> En sitio (instalaciones de la Entidad) | G97: =VLOOKUP(TRIM(E97),'3. Servicios TH (línea B)'!$A$7:$N$1687,6,FALSE) -> Grupo No.5 | H97: 1 | I97: =VLOOKUP(E97,'3. Servicios TH (línea B)'!$A$7:$N$1687,8,FALSE) -> Jornada Única | J97: =VLOOKUP(E97,'3. Servicios TH (línea B)'!$A$7:$N$1687,7,FALSE) -> Mensual | K97: =(VLOOKUP(E97,'3. Servicios TH (línea B)'!$A$7:$N$1687,9,FALSE)*H97) -> 9809793.5 | L97: =(VLOOKUP(E97,'3. Servicios TH (línea B)'!$A$7:$N$1687,12,FALSE)*H97) -> 9640141.9
C98: ADMINISTRADOR DE LA PLATAFORMA MS OFFICE 365 | D98: Nivel 2 | E98: LS02-AV-APMO-1585 | F98: =VLOOKUP(TRIM(E98),'3. Servicios TH (línea B)'!$A$8:$N$1615,5,FALSE) -> En sitio (Instalaciones de la Entidad) | G98: =VLOOKUP(TRIM(E98),'3. Servicios TH (línea B)'!$A$7:$N$1615,6,FALSE) -> Grupo No.1 | H98: 1 | I98: =VLOOKUP(E98,'3. Servicios TH (línea B)'!$A$7:$N$1615,8,FALSE) -> Jornada Única | J98: =VLOOKUP(E98,'3. Servicios TH (línea B)'!$A$7:$N$1615,7,FALSE) -> Mensual | K98: =(VLOOKUP(E98,'3. Servicios TH (línea B)'!$A$7:$N$1687,9,FALSE)*H98) -> 15576219 | L98: =(VLOOKUP(E98,'3. Servicios TH (línea B)'!$A$7:$N$1687,12,FALSE)*H98) -> 14977729
E99: LS02-AV-APMO-1589 | F99: =VLOOKUP(TRIM(E99),'3. Servicios TH (línea B)'!$A$8:$N$1615,5,FALSE) -> En sitio (instalaciones del contratista) | G99: =VLOOKUP(TRIM(E99),'3. Servicios TH (línea B)'!$A$7:$N$1615,6,FALSE) -> General | H99: 1 | I99: =VLOOKUP(E99,'3. Servicios TH (línea B)'!$A$7:$N$1615,8,FALSE) -> Jornada Única | J99: =VLOOKUP(E99,'3. Servicios TH (línea B)'!$A$7:$N$1615,7,FALSE) -> Mensual | K99: =(VLOOKUP(E99,'3. Servicios TH (línea B)'!$A$7:$N$1687,9,FALSE)*H99) -> 13592594 | L99: =(VLOOKUP(E99,'3. Servicios TH (línea B)'!$A$7:$N$1687,12,FALSE)*H99) -> 13357510
E100: LS02-AV-APMO-1593 | F100: =VLOOKUP(TRIM(E100),'3. Servicios TH (línea B)'!$A$8:$N$1615,5,FALSE) -> En sitio (Instalaciones de la Entidad) | G100: =VLOOKUP(TRIM(E100),'3. Servicios TH (línea B)'!$A$7:$N$1615,6,FALSE) -> Grupo No.2 | H100: 1 | I100: =VLOOKUP(E100,'3. Servicios TH (línea B)'!$A$7:$N$1615,8,FALSE) -> Jornada Única | J100: =VLOOKUP(E100,'3. Servicios TH (línea B)'!$A$7:$N$1615,7,FALSE) -> Mensual | K100: =(VLOOKUP(E100,'3. Servicios TH (línea B)'!$A$7:$N$1687,9,FALSE)*H100) -> 13695923 | L100: =(VLOOKUP(E100,'3. Servicios TH (línea B)'!$A$7:$N$1687,12,FALSE)*H100) -> 13459045
E101: LS02-AV-APMO-1597 | F101: =VLOOKUP(TRIM(E101),'3. Servicios TH (línea B)'!$A$8:$N$1615,5,FALSE) -> En sitio (instalaciones de la Entidad) | G101: =VLOOKUP(TRIM(E101),'3. Servicios TH (línea B)'!$A$7:$N$1615,6,FALSE) -> Grupo No.3 | H101: 1 | I101: =VLOOKUP(E101,'3. Servicios TH (línea B)'!$A$7:$N$1615,8,FALSE) -> Jornada Única | J101: =VLOOKUP(E101,'3. Servicios TH (línea B)'!$A$7:$N$1615,7,FALSE) -> Mensual | K101: =(VLOOKUP(E101,'3. Servicios TH (línea B)'!$A$7:$N$1687,9,FALSE)*H101) -> 14570142 | L101: =(VLOOKUP(E101,'3. Servicios TH (línea B)'!$A$7:$N$1687,12,FALSE)*H101) -> 14318142
E102: LS02-AV-APMO-1601 | F102: =VLOOKUP(TRIM(E102),'3. Servicios TH (línea B)'!$A$8:$N$1615,5,FALSE) -> En sitio (Instalaciones de la Entidad) | G102: =VLOOKUP(TRIM(E102),'3. Servicios TH (línea B)'!$A$7:$N$1615,6,FALSE) -> Grupo No.4 | H102: 1 | I102: =VLOOKUP(E102,'3. Servicios TH (línea B)'!$A$7:$N$1615,8,FALSE) -> Jornada Única | J102: =VLOOKUP(E102,'3. Servicios TH (línea B)'!$A$7:$N$1615,7,FALSE) -> Mensual | K102: =(VLOOKUP(E102,'3. Servicios TH (línea B)'!$A$7:$N$1687,9,FALSE)*H102) -> 15500155 | L102: =(VLOOKUP(E102,'3. Servicios TH (línea B)'!$A$7:$N$1687,12,FALSE)*H102) -> 15232065
...

Sheet 8. Costo Consolidado (TH)
A2: Objeto: Contratar los servicios de mesa de servicios, administración, operación, soporte, mantenimiento y la gestión de los servicios tecnológicos de la Rama Judicial a nivel nacional, incluyendo la adquisición de ofertas de servicio por demanda.
A4: CUADRO CONSOLIDADO DE COSTOS DE LÍNEA BASE TH
A6: Nombre del Oferente | B6: ='1. Información del Oferente'!C4 -> ETB SA ESP
A7: NIT del oferente: | B7: ='1. Información del Oferente'!C5 -> 899999115-8
A9: RESUMEN COSTOS SERVICIS MEMOR A SEIS (6) MESES
B11: 2025 | F11: 2026
A12: línea de servicio | B12: Valor mensual sin IVA | C12: Valor IVA | D12: Cantidad meses | E12: Valor total con IVA | F12: Valor mensual sin IVA | G12: Valor IVA | H12: IPC | I12: Cantidad meses | J12: Valor total con IVA | K12: Total incluido IVA
C13: 0.19 | G13: 0.19 | H13: 0.03
A14: 3.1. Mesa de servicios / Menor a seis (6) meses | B14: =SUM('7. Costo Línea B (TH)'!$K$8:$K$43) -> 4.2576928e+08 | C14: =B14*$C$13 -> 80896163 | D14: 1 | E14: =SUM(B14:C14)*D14 -> 5.0666544e+08 | F14: =$B$14 -> 4.2576928e+08 | G14: =F14*$G$13 -> 80896163 | H14: =SUM(F14:G14)*$H$13 -> 15199963 | I14: 1 | J14: =SUM(F14:H14)*I14 -> 5.218654e+08 | K14: =E14+J14 -> 1.0285308e+09
A15: 3.2. Audiencias virtuales, videoconferencia, streaming y portal de grabaciones a Nivel Nacional / Menor a seis (6) meses | B15: =SUM('7. Costo Línea B (TH)'!$K$44:$K$133) -> 1.0803772e+09 | C15: =B15*$C$13 -> 2.0527167e+08 | D15: 1 | E15: =SUM(B15:C15)*D15 -> 1.2856489e+09 | F15: =$B$15 -> 1.0803772e+09 | G15: =F15*$G$13 -> 2.0527167e+08 | H15: =SUM(F15:G15)*$H$13 -> 38569467 | I15: 1 | J15: =SUM(F15:H15)*I15 -> 1.3242184e+09 | K15: =E15+J15 -> 2.6098673e+09
A16: 3.3. Gestión y desarrollo de software / Menor a seis (6) meses | B16: =SUM('7. Costo Línea B (TH)'!$K$134:$K$199) -> 1.2308151e+09 | C16: =B16*$C$13 -> 2.3385488e+08 | D16: 1 | E16: =SUM(B16:C16)*D16 -> 1.46467e+09 | F16: =$B$16 -> 1.2308151e+09 | G16: =F16*$G$13 -> 2.3385488e+08 | H16: =SUM(F16:G16)*$H$13 -> 43940101 | I16: 1 | J16: =SUM(F16:H16)*I16 -> 1.5086101e+09 | K16: =E16+J16 -> 2.9732802e+09
A17: 3.4. Gestión de plataformas e infraestructura / Menor a seis (6) meses | B17: =SUM('7. Costo Línea B (TH)'!$K$200:$K$355) -> 2.6265211e+09 | C17: =B17*$C$13 -> 4.99039e+08 | D17: 1 | E17: =SUM(B17:C17)*D17 -> 3.1255601e+09 | F17: =$B$17 -> 2.6265211e+09 | G17: =F17*$G$13 -> 4.99039e+08 | H17: =SUM(F17:G17)*$H$13 -> 93766802 | I17: 1 | J17: =SUM(F17:H17)*I17 -> 3.2193269e+09 | K17: =E17+J17 -> 6.344887e+09
A18: 3.6. Soporte a la Gestión de Servicios TI / Menor a seis (6) meses | B18: =SUM('7. Costo Línea B (TH)'!$K$356:$K$427) -> 1.6621414e+09 | C18: =B18*$C$13 -> 3.1580687e+08 | D18: 1 | E18: =SUM(B18:C18)*D18 -> 1.9779483e+09 | F18: =$B$18 -> 1.6621414e+09 | G18: =F18*$G$13 -> 3.1580687e+08 | H18: =SUM(F18:G18)*$H$13 -> 59338449 | I18: 1 | J18: =SUM(F18:H18)*I18 -> 2.0372867e+09 | K18: =E18+J18 -> 4.015235e+09
A19: Totales | E19: =SUM(E14:E18) -> 8.3604927e+09 | J19: =SUM(J14:J18) -> 8.6113075e+09 | K19: =SUM(K14:K18) -> 1.69718e+10
A21: RESUMEN COSTOS SERVICIS MAYOR A SEIS (6) MESES
B23: 2025 | F23: 2026
A24: línea de servicio | B24: Valor mensual sin IVA | C24: Valor IVA | D24: Cantidad meses | E24: Valor total con IVA | F24: Valor mensual sin IVA | G24: Valor IVA | H24: IPC | I24: Cantidad meses | J24: Valor total con IVA | K24: Total incluido IVA
C25: 0.19 | G25: 0.19 | H25: 0.03
A26: 3.1. Mesa de servicios / Mayor a seis (6) meses | B26: =SUM('7. Costo Línea B (TH)'!$L$8:$L$43) -> 4.1555871e+08 | C26: =B26*$C$13 -> 78956155 | D26: 1 | E26: =SUM(B26:C26)*D26 -> 4.9451486e+08 | F26: =$B$26 -> 4.1555871e+08 | G26: =F26*$G$25 -> 78956155 | H26: =SUM(F26:G26)*$H$25 -> 14835446 | I26: 1 | J26: =SUM(F26:H26)*I26 -> 5.0935031e+08 | K26: =E26+J26 -> 1.0038652e+09
A27: 3.2. Audiencias virtuales, videoconferencia, streaming y portal de grabaciones a Nivel Nacional / Mayor a seis (6) meses | B27: =SUM('7. Costo Línea B (TH)'!$L$44:$L$133) -> 1.0572741e+09 | C27: =B27*$C$13 -> 2.0088208e+08 | D27: 1 | E27: =SUM(B27:C27)*D27 -> 1.2581562e+09 | F27: =$B$27 -> 1.0572741e+09 | G27: =F27*$G$25 -> 2.0088208e+08 | H27: =SUM(F27:G27)*$H$25 -> 37744685 | I27: 1 | J27: =SUM(F27:H27)*I27 -> 1.2959009e+09 | K27: =E27+J27 -> 2.5540571e+09
A28: 3.3. Gestión y desarrollo de software / Mayor a seis (6) meses | B28: =SUM('7. Costo Línea B (TH)'!$L$134:$L$199) -> 1.2072185e+09 | C28: =B28*$C$13 -> 2.2937152e+08 | D28: 1 | E28: =SUM(B28:C28)*D28 -> 1.43659e+09 | F28: =$B$28 -> 1.2072185e+09 | G28: =F28*$G$25 -> 2.2937152e+08 | H28: =SUM(F28:G28)*$H$25 -> 43097701 | I28: 1 | J28: =SUM(F28:H28)*I28 -> 1.4796877e+09 | K28: =E28+J28 -> 2.9162777e+09
A29: 3.4. Gestión de plataformas e infraestructura / Mayor a seis (6) meses | B29: =SUM('7. Costo Línea B (TH)'!$L$200:$L$355) -> 2.571386e+09 | C29: =B29*$C$13 -> 4.8856334e+08 | D29: 1 | E29: =SUM(B29:C29)*D29 -> 3.0599494e+09 | F29: =$B$29 -> 2.571386e+09 | G29: =F29*$G$25 -> 4.8856334e+08 | H29: =SUM(F29:G29)*$H$25 -> 91798481 | I29: 1 | J29: =SUM(F29:H29)*I29 -> 3.1517478e+09 | K29: =E29+J29 -> 6.2116972e+09
A30: 3.6. Soporte a la Gestión de Servicios TI / Mayor a seis (6) meses | B30: =SUM('7. Costo Línea B (TH)'!$L$356:$L$427) -> 1.6303696e+09 | C30: =B30*$C$13 -> 3.0977022e+08 | D30: 1 | E30: =SUM(B30:C30)*D30 -> 1.9401398e+09 | F30: =$B$30 -> 1.6303696e+09 | G30: =F30*$G$25 -> 3.0977022e+08 | H30: =SUM(F30:G30)*$H$25 -> 58204194 | I30: 1 | J30: =SUM(F30:H30)*I30 -> 1.998344e+09 | K30: =E30+J30 -> 3.9384838e+09
A31: Totales | E31: =SUM(E26:E30) -> 8.1893502e+09 | J31: =SUM(J26:J30) -> 8.4350307e+09 | K31: =SUM(K26:K30) -> 1.6624381e+10
A40: INSTRUCTIVO
A41: · La información de la tabla arriba relacionada es una guía, de manera que pueden incluir ítems según lo consideren necesario, es conveniente si mantener una estructura de costos que permita establecer a la entidad el valor de cada servicio y los demás costos requeridos en la ejecución del proyecto.
A42: · Calcular los costos de las vigencias 2025 IPC del 6% y proyección 2026 con un IPC del 3%
A43: · Se debe tener en cuenta para todos los servicios los periodos de migración con los operadores salientes, de manera que garanticen la continuidad en la prestación de los servicios.
A45: Campos
A46: Valor mensual sin IVA | B46: Se coloca el valor del servicio a facturar mensual antes de IVA
A47: Valor IVA (19%) | B47: calcular el IVA del 19% al valor mensual para los servicios que apliquen
A48: Cantidad meses | B48: Se debe ingresar los meses a cotizar de acuerdo a las variables de menor o mayor a seis meses.
A49: Valor total con IVA | B49: Valor mensula con IVA por la cantidad de meses
A51: Nota ****: El componente de la Bolsa de Repuestos por demanda y de los servicios por demanda será definido por la entidad de acuerdo a sus necesidades y disponivilidad de recursos

Sheet 9. Otros Costos
A2: Objeto: Contratar los servicios de mesa de servicios, administración, operación, soporte, mantenimiento y la gestión de los servicios tecnológicos de la Rama Judicial a nivel nacional, incluyendo la adquisición de ofertas de servicio por demanda.
A4: Dado el objetivo, alcance, objetivos específicos y entregables a contratar, por favor estimar otros costos en que incurriría con la ejecución contractual y que se consideran fundamentales para la prestación de servicios requeridos por LA ENTIDAD:
A6: Ítem | B6: Valor Mensual antes IVA | C6: Valor OneTime antes IVA
A7: Equipos Continuidad Antes de IVA - Recurrente Mensual El precio ofertado con vigencia 31 diciembre 2025. | B7: 2.8042066e+08 | C7: 0
A8: Servicio de ecosistemas digitales TXH ETB, conectividad, voz, monitoreo. Antes de IVA - Recurrente Mensual | B8: 40298302
A9: TOTAL | B9: =SUM(B7:B8) -> 3.2071896e+08 | C9: =SUM(C7:C7) -> 0
